Workbook

Sheet ANEXO 1
A2: ANEXO 1
C3: RESULTADO DEL ANÁLISIS DE COSTOS BASADO EN OFERTAS ECONÓMICAS. (CUADRO COTIZACIONES )
C4: “PRESTAR EL SERVICIO DE MANTENIMIENTO CORRECTIVO CON SUMINISTRO DE REPUESTOS PARA ARMAS DE FUEGO TIPO PISTOLAS CALIBRE 9 MM, SUBAMETRALLADORAS CALIBRE 9 MM Y FUSILES CALIBRE 5.56 DE DIFERENTES MARCAS Y MODELOS PARA LA FISCALÍA GENERAL DE LA NACIÓN.”
A5: ÍTEM | B5: NECESIDAD | C5: UNIDAD DE MEDIDA | F5: CANTIDAD | I5: MOTOLOP LIMITADA motolopeu@hotmail.com - gerencia@motolop.com29 DE ENERO DE 2026(AT) | N5: ARMERIA ENRIQUE REY VALIDEZ DE LA OFERTA:60 DIAS ARMERIAREYRINCON@HOTMAIL.COM 10 DE FEBRERO DE 2026 TELÉFONO 6017578377-3233242053 | X5: ANALISIS DE VALORES SIN IVA | AC5: VALOR SELECCIONADO
I6: COTIZACIÓN 1 | N6: COTIZACIÓN 2 | S6: COTIZACIÓN 3
A7: PISTOLAS 9MM | I7: VALOR UNITARIO (excluido de IVA) | J7: IVA (excluido) | K7: VALOR UNITARIO (excluido de IVA) | L7: VALOR TOTAL (excluido de IVA) | N7: VALOR UNITARIO (excluido de IVA) | O7: IVA (excluido) | P7: VALOR UNITARIO (excluido de IVA) | Q7: VALOR TOTAL (excluido de IVA) | S7: VALOR UNITARIO (excluido de IVA) | T7: IVA (excluido) | U7: VALOR UNITARIO (excluido de IVA) | V7: VALOR TOTAL (excluido de IVA) | X7: COTIZACION MAS BAJA | Y7: COTIZACION MAS ALTA | Z7: PROMEDIO | AA7: MEDIA ARITMETICA BAJA | AC7: VALOR UNITARIO (excluido de IVA) | AD7: IVA (excluido) | AE7: VALOR UNITARIO (excluido de IVA) | AF7: VALOR TOTAL (excluido de IVA)
A8: 1 | B8: Mantenimiento de Pistolas (Arma semiautomáticas), en todos sus componentes: Externos: Receptor o armazón Internos: Mecanismo de alimentación, Mecanismos de cierre, Mecanismos de disparo y percusión, Mecanismo de extracción, Mecanismos de seguridad. | C8:   FASE I. DESPIECE Y DESPLAQUE DE PISTOLAS 9MM (Según especificaciones de la Ficha Técnica) | D8: Despiece general del arma | E8: UNIDAD | F8: 1 | I8: 80000 | J8: =ROUND(I8*19%,2) -> 15200 | K8: =ROUND(I8+J8,2) -> 95200 | L8: =ROUND(K8*F8,2) -> 95200 | N8: 70000 | O8: =ROUND(N8*19%,2) -> 13300 | P8: =ROUND(N8+O8,2) -> 83300 | Q8: =ROUND(P8*F8,2) -> 83300 | X8: =ROUND(MIN(I8,N8),2) -> 70000 | Y8: =ROUND(MAX(I8,N8),2) -> 80000 | Z8: =ROUND(AVERAGE(I8,N8),2) -> 75000 | AA8: =ROUND(AVERAGE(X8,Z8),2) -> 72500 | AC8: =Z8 -> 75000 | AD8: =ROUND(AC8*19%,2) -> 14250 | AE8: =ROUND(AC8+AD8,2) -> 89250 | AF8: =ROUND(AE8*F8,2) -> 89250
A9: 2 | D9: Revisión de piezas para constatar fisuras, fracturas o desgastes en el material | V9: =ROUND(SUM(V8:V8),2) -> 0
C10: VALOR TOTAL DESPIECE Y DESPLAQUE DE PISTOLAS 9MM | L10: =L8 -> 95200 | Q10: =Q8 -> 83300 | AF10: =AF8 -> 89250
A12: 1 | C12:  FASE II. REVISIÓN DE LOS MECANISMOS,CAMBIO DE REPUESTOS REQUERIDOS DE PISTOLAS 9MM (Según especificaciones de la Ficha Técnica) | D12: Desarme y arme general del arma | E12: UNIDAD | F12: 1 | I12: 710000 | J12: =ROUND(I12*19%,2) -> 134900 | K12: =ROUND(I12+J12,2) -> 844900 | L12: =ROUND(K12*F12,2) -> 844900 | N12: 750000 | O12: =ROUND(N12*19%,2) -> 142500 | P12: =ROUND(N12+O12,2) -> 892500 | Q12: =ROUND(P12*F12,2) -> 892500 | X12: =ROUND(MIN(I12,N12),2) -> 710000 | Y12: =ROUND(MAX(I12,N12),2) -> 750000 | Z12: =ROUND(AVERAGE(I12,N12),2) -> 730000 | AA12: =ROUND(AVERAGE(X12,Z12),2) -> 720000 | AC12: =Z12 -> 730000 | AD12: =ROUND(AC12*19%,2) -> 138700 | AE12: =ROUND(AC12+AD12,2) -> 868700 | AF12: =ROUND(AE12*F12,2) -> 868700
A13: 2 | D13: Cambio de sistemas de tensión del disparador, sistema de percusión y mecanismos de disparo.
A14: 3 | D14: Desplaque superficial y desoxidación de los mecanismos internos y externos del arma
A15: 4 | D15: Limpieza del ánima del cañón.
A16: 5 | D16: Limpieza y lubricación general.
A17: 6 | D17: Recubrimiento de pintura cerámica de alta resistencia y adherencia color negro a los elementos externos.
A18: 7 | D18: Recubrimiento de pintura cerámica de alta resistencia y adherencia color negro al proveedor del arma.
A19: 8 | D19: Tratamiento superficial de pavonado a los elementos y mecanismos internos del arma (piezas móviles).
A20: 9 | D20: Cambio de pasadores
A21: 10 | D21: Cambio de los resortes
A22: 11 | D22: Cambio de los tornillos y arandelas de las cachas pistolas CZ.
A23: 12 | D23: Cambio de las cachas pistolas CZ. | E23: UNIDAD | F23: 1 | I23: 100000 | J23: =ROUND(I23*19%,2) -> 19000 | K23: =ROUND(I23+J23,2) -> 119000 | L23: =ROUND(K23*F23,2) -> 119000 | N23: 160000 | O23: =ROUND(N23*19%,2) -> 30400 | P23: =ROUND(N23+O23,2) -> 190400 | Q23: =ROUND(P23*F23,2) -> 190400 | X23: =ROUND(MIN(I23,N23),2) -> 100000 | Y23: =ROUND(MAX(I23,N23),2) -> 160000 | Z23: =ROUND(AVERAGE(I23,N23),2) -> 130000 | AA23: =ROUND(AVERAGE(X23,Z23),2) -> 115000 | AC23: =Z23 -> 130000 | AD23: =ROUND(AC23*19%,2) -> 24700 | AE23: =ROUND(AC23+AD23,2) -> 154700 | AF23: =ROUND(AE23*F23,2) -> 154700
A24: 13 | D24: Cambio Varilla guía de polímero por varilla guía metálica para las pistolas CZ.
A25: 14 | D25: Reparación del punto y alza de Mira
C26: VALOR TOTAL REVISIÓN DE LOS MECANISMOS,CAMBIO DE REPUESTOS REQUERIDOS DE PISTOLAS 9MM | L26: =L12+L23 -> 963900 | Q26: =Q12+Q23 -> 1082900 | AF26: =AF12+AF23 -> 1023400
A28: 1 | C28: Cambio de repuestos de acuerdo al tipo de Pistola 9MM: (Según especificaciones de la Ficha Técnica) | D28: Resorte del fiador | E28: UNIDAD | F28: 1 | I28: 5500 | J28: =ROUND(I28*19%,2) -> 1045 | K28: =ROUND(I28+J28,2) -> 6545 | L28: =ROUND(K28*F28,2) -> 6545 | N28: 10000 | O28: =ROUND(N28*19%,2) -> 1900 | P28: =ROUND(N28+O28,2) -> 11900 | Q28: =ROUND(P28*F28,2) -> 11900 | X28: =ROUND(MIN(I28,N28),2) -> 5500 | Y28: =ROUND(MAX(I28,N28),2) -> 10000 | Z28: =ROUND(AVERAGE(I28,N28),2) -> 7750 | AA28: =ROUND(AVERAGE(X28,Z28),2) -> 6625 | AC28: =Z28 -> 7750 | AD28: =ROUND(AC28*19%,2) -> 1472.5 | AE28: =ROUND(AC28+AD28,2) -> 9222.5 | AF28: =ROUND(AE28*F28,2) -> 9222.5
A29: 2 | D29: Resorte recuperador. | E29: UNIDAD | F29: 1 | I29: 48200 | J29: =ROUND(I29*19%,2) -> 9158 | K29: =ROUND(I29+J29,2) -> 57358 | L29: =ROUND(K29*F29,2) -> 57358 | N29: 60000 | O29: =ROUND(N29*19%,2) -> 11400 | P29: =ROUND(N29+O29,2) -> 71400 | Q29: =ROUND(P29*F29,2) -> 71400 | X29: =ROUND(MIN(I29,N29),2) -> 48200 | Y29: =ROUND(MAX(I29,N29),2) -> 60000 | Z29: =ROUND(AVERAGE(I29,N29),2) -> 54100 | AA29: =ROUND(AVERAGE(X29,Z29),2) -> 51150 | AC29: =Z29 -> 54100 | AD29: =ROUND(AC29*19%,2) -> 10279 | AE29: =ROUND(AC29+AD29,2) -> 64379 | AF29: =ROUND(AE29*F29,2) -> 64379
A30: 3 | D30: Resorte del disparador. | E30: UNIDAD | F30: 1 | I30: 5500 | J30: =ROUND(I30*19%,2) -> 1045 | K30: =ROUND(I30+J30,2) -> 6545 | L30: =ROUND(K30*F30,2) -> 6545 | N30: 10000 | O30: =ROUND(N30*19%,2) -> 1900 | P30: =ROUND(N30+O30,2) -> 11900 | Q30: =ROUND(P30*F30,2) -> 11900 | X30: =ROUND(MIN(I30,N30),2) -> 5500 | Y30: =ROUND(MAX(I30,N30),2) -> 10000 | Z30: =ROUND(AVERAGE(I30,N30),2) -> 7750 | AA30: =ROUND(AVERAGE(X30,Z30),2) -> 6625 | AC30: =Z30 -> 7750 | AD30: =ROUND(AC30*19%,2) -> 1472.5 | AE30: =ROUND(AC30+AD30,2) -> 9222.5 | AF30: =ROUND(AE30*F30,2) -> 9222.5
A31: 4 | D31: Resorte del percutor. | E31: UNIDAD | F31: 1 | I31: 5000 | J31: =ROUND(I31*19%,2) -> 950 | K31: =ROUND(I31+J31,2) -> 5950 | L31: =ROUND(K31*F31,2) -> 5950 | N31: 10000 | O31: =ROUND(N31*19%,2) -> 1900 | P31: =ROUND(N31+O31,2) -> 11900 | Q31: =ROUND(P31*F31,2) -> 11900 | X31: =ROUND(MIN(I31,N31),2) -> 5000 | Y31: =ROUND(MAX(I31,N31),2) -> 10000 | Z31: =ROUND(AVERAGE(I31,N31),2) -> 7500 | AA31: =ROUND(AVERAGE(X31,Z31),2) -> 6250 | AC31: =Z31 -> 7500 | AD31: =ROUND(AC31*19%,2) -> 1425 | AE31: =ROUND(AC31+AD31,2) -> 8925 | AF31: =ROUND(AE31*F31,2) -> 8925
A32: 5 | D32: Resorte de los pestillos del seguro de la corredera | E32: UNIDAD | F32: 1 | I32: 4000 | J32: =ROUND(I32*19%,2) -> 760 | K32: =ROUND(I32+J32,2) -> 4760 | L32: =ROUND(K32*F32,2) -> 4760 | N32: 10000 | O32: =ROUND(N32*19%,2) -> 1900 | P32: =ROUND(N32+O32,2) -> 11900 | Q32: =ROUND(P32*F32,2) -> 11900 | X32: =ROUND(MIN(I32,N32),2) -> 4000 | Y32: =ROUND(MAX(I32,N32),2) -> 10000 | Z32: =ROUND(AVERAGE(I32,N32),2) -> 7000 | AA32: =ROUND(AVERAGE(X32,Z32),2) -> 5500 | AC32: =Z32 -> 7000 | AD32: =ROUND(AC32*19%,2) -> 1330 | AE32: =ROUND(AC32+AD32,2) -> 8330 | AF32: =ROUND(AE32*F32,2) -> 8330
A33: 6 | D33: Resorte de la barra del martillo. | E33: UNIDAD | F33: 1 | I33: 4000 | J33: =ROUND(I33*19%,2) -> 760 | K33: =ROUND(I33+J33,2) -> 4760 | L33: =ROUND(K33*F33,2) -> 4760 | N33: 15000 | O33: =ROUND(N33*19%,2) -> 2850 | P33: =ROUND(N33+O33,2) -> 17850 | Q33: =ROUND(P33*F33,2) -> 17850 | X33: =ROUND(MIN(I33,N33),2) -> 4000 | Y33: =ROUND(MAX(I33,N33),2) -> 15000 | Z33: =ROUND(AVERAGE(I33,N33),2) -> 9500 | AA33: =ROUND(AVERAGE(X33,Z33),2) -> 6750 | AC33: =Z33 -> 9500 | AD33: =ROUND(AC33*19%,2) -> 1805 | AE33: =ROUND(AC33+AD33,2) -> 11305 | AF33: =ROUND(AE33*F33,2) -> 11305
A34: 7 | D34: Resorte del retén de la corredera. | E34: UNIDAD | F34: 1 | I34: 4000 | J34: =ROUND(I34*19%,2) -> 760 | K34: =ROUND(I34+J34,2) -> 4760 | L34: =ROUND(K34*F34,2) -> 4760 | N34: 10000 | O34: =ROUND(N34*19%,2) -> 1900 | P34: =ROUND(N34+O34,2) -> 11900 | Q34: =ROUND(P34*F34,2) -> 11900 | X34: =ROUND(MIN(I34,N34),2) -> 4000 | Y34: =ROUND(MAX(I34,N34),2) -> 10000 | Z34: =ROUND(AVERAGE(I34,N34),2) -> 7000 | AA34: =ROUND(AVERAGE(X34,Z34),2) -> 5500 | AC34: =Z34 -> 7000 | AD34: =ROUND(AC34*19%,2) -> 1330 | AE34: =ROUND(AC34+AD34,2) -> 8330 | AF34: =ROUND(AE34*F34,2) -> 8330
A35: 8 | D35: Resorte del seguro bloqueador del percutor. | E35: UNIDAD | F35: 1 | I35: 3200 | J35: =ROUND(I35*19%,2) -> 608 | K35: =ROUND(I35+J35,2) -> 3808 | L35: =ROUND(K35*F35,2) -> 3808 | N35: 10000 | O35: =ROUND(N35*19%,2) -> 1900 | P35: =ROUND(N35+O35,2) -> 11900 | Q35: =ROUND(P35*F35,2) -> 11900 | X35: =ROUND(MIN(I35,N35),2) -> 3200 | Y35: =ROUND(MAX(I35,N35),2) -> 10000 | Z35: =ROUND(AVERAGE(I35,N35),2) -> 6600 | AA35: =ROUND(AVERAGE(X35,Z35),2) -> 4900 | AC35: =Z35 -> 6600 | AD35: =ROUND(AC35*19%,2) -> 1254 | AE35: =ROUND(AC35+AD35,2) -> 7854 | AF35: =ROUND(AE35*F35,2) -> 7854
A36: 9 | D36: Resorte barra del disparador (extensor). | E36: UNIDAD | F36: 1 | I36: 4100 | J36: =ROUND(I36*19%,2) -> 779 | K36: =ROUND(I36+J36,2) -> 4879 | L36: =ROUND(K36*F36,2) -> 4879 | N36: 10000 | O36: =ROUND(N36*19%,2) -> 1900 | P36: =ROUND(N36+O36,2) -> 11900 | Q36: =ROUND(P36*F36,2) -> 11900 | X36: =ROUND(MIN(I36,N36),2) -> 4100 | Y36: =ROUND(MAX(I36,N36),2) -> 10000 | Z36: =ROUND(AVERAGE(I36,N36),2) -> 7050 | AA36: =ROUND(AVERAGE(X36,Z36),2) -> 5575 | AC36: =Z36 -> 7050 | AD36: =ROUND(AC36*19%,2) -> 1339.5 | AE36: =ROUND(AC36+AD36,2) -> 8389.5 | AF36: =ROUND(AE36*F36,2) -> 8389.5
A37: 10 | D37: Resorte palanca de desarme. | E37: UNIDAD | F37: 1 | I37: 2800 | J37: =ROUND(I37*19%,2) -> 532 | K37: =ROUND(I37+J37,2) -> 3332 | L37: =ROUND(K37*F37,2) -> 3332 | N37: 10000 | O37: =ROUND(N37*19%,2) -> 1900 | P37: =ROUND(N37+O37,2) -> 11900 | Q37: =ROUND(P37*F37,2) -> 11900 | X37: =ROUND(MIN(I37,N37),2) -> 2800 | Y37: =ROUND(MAX(I37,N37),2) -> 10000 | Z37: =ROUND(AVERAGE(I37,N37),2) -> 6400 | AA37: =ROUND(AVERAGE(X37,Z37),2) -> 4600 | AC37: =Z37 -> 6400 | AD37: =ROUND(AC37*19%,2) -> 1216 | AE37: =ROUND(AC37+AD37,2) -> 7616 | AF37: =ROUND(AE37*F37,2) -> 7616
A38: 11 | D38: Resorte de uña extractora | E38: UNIDAD | F38: 1 | I38: 2800 | J38: =ROUND(I38*19%,2) -> 532 | K38: =ROUND(I38+J38,2) -> 3332 | L38: =ROUND(K38*F38,2) -> 3332 | N38: 10000 | O38: =ROUND(N38*19%,2) -> 1900 | P38: =ROUND(N38+O38,2) -> 11900 | Q38: =ROUND(P38*F38,2) -> 11900 | X38: =ROUND(MIN(I38,N38),2) -> 2800 | Y38: =ROUND(MAX(I38,N38),2) -> 10000 | Z38: =ROUND(AVERAGE(I38,N38),2) -> 6400 | AA38: =ROUND(AVERAGE(X38,Z38),2) -> 4600 | AC38: =Z38 -> 6400 | AD38: =ROUND(AC38*19%,2) -> 1216 | AE38: =ROUND(AC38+AD38,2) -> 7616 | AF38: =ROUND(AE38*F38,2) -> 7616
A39: 12 | D39: Cambio sistemas de tensión del disparador, sistema de percusión y mecanismos de disparo | E39: UNIDAD | F39: 1 | I39: 52800 | J39: =ROUND(I39*19%,2) -> 10032 | K39: =ROUND(I39+J39,2) -> 62832 | L39: =ROUND(K39*F39,2) -> 62832 | N39: 80000 | O39: =ROUND(N39*19%,2) -> 15200 | P39: =ROUND(N39+O39,2) -> 95200 | Q39: =ROUND(P39*F39,2) -> 95200 | X39: =ROUND(MIN(I39,N39),2) -> 52800 | Y39: =ROUND(MAX(I39,N39),2) -> 80000 | Z39: =ROUND(AVERAGE(I39,N39),2) -> 66400 | AA39: =ROUND(AVERAGE(X39,Z39),2) -> 59600 | AC39: =Z39 -> 66400 | AD39: =ROUND(AC39*19%,2) -> 12616 | AE39: =ROUND(AC39+AD39,2) -> 79016 | AF39: =ROUND(AE39*F39,2) -> 79016
A40: 13 | D40: Cambio de pasadores. | E40: UNIDAD | F40: 1 | I40: 66000 | J40: =ROUND(I40*19%,2) -> 12540 | K40: =ROUND(I40+J40,2) -> 78540 | L40: =ROUND(K40*F40,2) -> 78540 | N40: 75000 | O40: =ROUND(N40*19%,2) -> 14250 | P40: =ROUND(N40+O40,2) -> 89250 | Q40: =ROUND(P40*F40,2) -> 89250 | X40: =ROUND(MIN(I40,N40),2) -> 66000 | Y40: =ROUND(MAX(I40,N40),2) -> 75000 | Z40: =ROUND(AVERAGE(I40,N40),2) -> 70500 | AA40: =ROUND(AVERAGE(X40,Z40),2) -> 68250 | AC40: =Z40 -> 70500 | AD40: =ROUND(AC40*19%,2) -> 13395 | AE40: =ROUND(AC40+AD40,2) -> 83895 | AF40: =ROUND(AE40*F40,2) -> 83895
... A45: 18 | D45: Reparación del punto y alza de Mira | E45: UNIDAD | F45: 1 | I45: 63100 | J45: =ROUND(I45*19%,2) -> 11989 | K45: =ROUND(I45+J45,2) -> 75089 | L45: =ROUND(K45*F45,2) -> 75089 | N45: 90000 | O45: =ROUND(N45*19%,2) -> 17100 | P45: =ROUND(N45+O45,2) -> 107100 | Q45: =ROUND(P45*F45,2) -> 107100 | X45: =ROUND(MIN(I45,N45),2) -> 63100 | Y45: =ROUND(MAX(I45,N45),2) -> 90000 | Z45: =ROUND(AVERAGE(I45,N45),2) -> 76550 | AA45: =ROUND(AVERAGE(X45,Z45),2) -> 69825 | AC45: =Z45 -> 76550 | AD45: =ROUND(AC45*19%,2) -> 14544.5 | AE45: =ROUND(AC45+AD45,2) -> 91094.5 | AF45: =ROUND(AE45*F45,2) -> 91094.5
C46: VALOR TOTAL CAMBIO DE REPUESTOS de acuerdo al tipo de Pistola 9MM | L46: =SUM(L28:L45) -> 530264 | Q46: =SUM(Q28:Q45) -> 773500 | AF46: =SUM(AF28:AF45) -> 651882
J47: TOTAL MANTENIMIENTO Y REPUESTOS Pistola 9MM | L47: =L10+L26+L46 -> 1589364 | O47: TOTAL MANTENIMIENTO Y REPUESTOS Pistola 9MM | Q47: =Q10+Q26+Q46 -> 1939700 | AD47: TOTAL MANTENIMIENTO Y REPUESTOS Pistola 9MM | AF47: =AF10+AF26+AF46 -> 1764532
A49: SUB-AMETRALLADORAS CALIBRE 9MM
A50: ITEM | B50: REQUISITOS GENERALES | D50: ACTIVIDAD | E50: UNIDAD DE MEDIDA | F50: CANTIDAD
A52: 1 | B52: Mantenimiento de subametralladora (Arma automática y semiautomática), en todos sus componentes: Externos: Cañón, Receptor o armazón Internos: Mecanismo de alimentación, Mecanismos de cierre, Mecanismos de disparo y persecución, Mecanismo de extracción, Mecanismos de seguridad. | C52:  FASE I.  FASE I. DESPIECE Y DESPLAQUE DE SUB-AMETRALLADORAS CALIBRE 9MM (según especificaciones Ficha Técnica) | D52: Despiece general del arma | E52: UNIDAD | F52: 1 | I52: 82500 | J52: =ROUND(I52*19%,2) -> 15675 | K52: =ROUND(I52+J52,2) -> 98175 | L52: =ROUND(K52*F52,2) -> 98175 | N52: 70000 | O52: =ROUND(N52*19%,2) -> 13300 | P52: =ROUND(N52+O52,2) -> 83300 | Q52: =ROUND(P52*F52,2) -> 83300 | X52: =ROUND(MIN(I52,N52),2) -> 70000 | Y52: =ROUND(MAX(I52,N52),2) -> 82500 | Z52: =ROUND(AVERAGE(I52,N52),2) -> 76250 | AA52: =ROUND(AVERAGE(X52,Z52),2) -> 73125 | AC52: =Z52 -> 76250 | AD52: =ROUND(AC52*19%,2) -> 14487.5 | AE52: =ROUND(AC52+AD52,2) -> 90737.5 | AF52: =ROUND(AE52*F52,2) -> 90737.5
A53: 2 | D53: Revisión de piezas para constatar fracturas en material.
C54: VALOR TOTAL DESPIECE Y DESPLAQUE DE SUB-AMETRALLADORAS CALIBRE 9MM | L54: =SUM(L52) -> 98175 | Q54: =SUM(Q52) -> 83300 | AF54: =SUM(AF52) -> 90737.5
A56: 1 | C56:  FASE II. REVISIÓN DE LOS MECANISMOS Y CAMBIO DE REPUESTOS REQUERIDOS. DE SUBAMETRALLADORAS CALIBRE 9MM (según especificaciones Ficha Técnica) | D56: Desarme y arme general del arma. | E56: UNIDAD | F56: 1 | I56: 960000 | J56: =ROUND(I56*19%,2) -> 182400 | K56: =ROUND(I56+J56,2) -> 1142400 | L56: =ROUND(K56*F56,2) -> 1142400 | N56: 950000 | O56: =ROUND(N56*19%,2) -> 180500 | P56: =ROUND(N56+O56,2) -> 1130500 | Q56: =ROUND(P56*F56,2) -> 1130500 | X56: =ROUND(MIN(I56,N56),2) -> 950000 | Y56: =ROUND(MAX(I56,N56),2) -> 960000 | Z56: =ROUND(AVERAGE(I56,N56),2) -> 955000 | AA56: =ROUND(AVERAGE(X56,Z56),2) -> 952500 | AC56: =Z56 -> 955000 | AD56: =ROUND(AC56*19%,2) -> 181450 | AE56: =ROUND(AC56+AD56,2) -> 1136450 | AF56: =ROUND(AE56*F56,2) -> 1136450
A57: 2 | D57: Revisión y cambio de sistemas de tensión del disparador, sistema de percusión y mecanismos de disparo.
A58: 3 | D58: Desplaque superficial y desoxidación de los mecanismos internos y externos del arma.
A59: 4 | D59: Limpieza del ánima del cañón.
A60: 5 | D60: Limpieza y lubricación general.
A61: 6 | D61: Aplicar revestimiento pintura cerámica de alta resistencia y adherencia color negro a los mecanismos externos.
A62: 7 | D62: Recubrimiento de pintura cerámica de alta resistencia y adherencia al proveedor del arma y reparación de los labios del proveedor.
A63: 8 | D63: Tratamiento superficial de pavonado a los elementos y mecanismos internos del arma (piezas móviles).
A64: 9 | D64: Cambio de los resortes
A65: 10 | D65: Cambio de los tornillos y arandelas de las cachas
A66: 11 | D66: Cambio de los tornillos de la cubierta de la empuñadura.
A67: 12 | D67: Reparación del tambor del alza de mira (subametralladora MP 5). | I67: 693000 | J67: =ROUND(I67*19%,2) -> 131670 | K67: =ROUND(I67+J67,2) -> 824670 | L67: =ROUND(K67*F56,2) -> 824670 | N67: 870000 | O67: =ROUND(N67*19%,2) -> 165300 | P67: =ROUND(N67+O67,2) -> 1035300 | Q67: =ROUND(P67*F56,2) -> 1035300 | X67: =ROUND(MIN(I67,N67),2) -> 693000 | Y67: =ROUND(MAX(I67,N67),2) -> 870000 | Z67: =ROUND(AVERAGE(I67,N67),2) -> 781500 | AA67: =ROUND(AVERAGE(X67,Z67),2) -> 737250 | AC67: =Z67 -> 781500 | AD67: =ROUND(AC67*19%,2) -> 148485 | AE67: =ROUND(AC67+AD67,2) -> 929985 | AF67: =ROUND(AE67*F56,2) -> 929985
A68: 13 | D68: Cambio del punto de mira y del alza de mira (subametralladora MP 5).
A69: 14 | D69: Cambio del arco protector del poste de mira (subametralladora MP 5)
A70: 15 | D70: Cambio del guardamano de polímero por guardamano en aluminio con riel picatinny y empuñadura vertical en aluminio. (subametralladora MP 5)
A71: 16 | D71: Cambio de los anillos en teflón de la varilla guía y resorte recuperador (subametralladora MP5).
A72: 17 | D72: Reparación de las palancas de cargue y polímero (subametralladora MP5).
A73: 18 | D73: Reparación de proveedores subametralladora MP5
C74: VALOR TOTAL REVISIÓN DE LOS MECANISMOS Y CAMBIO DE REPUESTOS REQUERIDOS. DE SUBAMETRALLADORAS CALIBRE 9MM | L74: =L56+L67 -> 1967070 | Q74: =Q56+Q67 -> 2165800 | AF74: =AF56+AF67 -> 2066435
A76: 1 | C76: Suministro y cambio de los repuestos de acuerdo al tipo de SubAmetralladora (según especificaciones Ficha Técnica) | D76: Resorte del fiador. | E76: UNIDAD | F76: 1 | I76: 7000 | J76: =ROUND(I76*19%,2) -> 1330 | K76: =ROUND(I76+J76,2) -> 8330 | L76: =ROUND(K76*F76,2) -> 8330 | N76: 10000 | O76: =ROUND(N76*19%,2) -> 1900 | P76: =ROUND(N76+O76,2) -> 11900 | Q76: =ROUND(P76*F76,2) -> 11900 | X76: =ROUND(MIN(I76,N76),2) -> 7000 | Y76: =ROUND(MAX(I76,N76),2) -> 10000 | Z76: =ROUND(AVERAGE(I76,N76),2) -> 8500 | AA76: =ROUND(AVERAGE(X76,Z76),2) -> 7750 | AC76: =Z76 -> 8500 | AD76: =ROUND(AC76*19%,2) -> 1615 | AE76: =ROUND(AC76+AD76,2) -> 10115 | AF76: =ROUND(AE76*F76,2) -> 10115
A77: 2 | D77: Resorte recuperador. | E77: UNIDAD | F77: 1 | I77: 20500 | J77: =ROUND(I77*19%,2) -> 3895 | K77: =ROUND(I77+J77,2) -> 24395 | L77: =ROUND(K77*F77,2) -> 24395 | N77: 25000 | O77: =ROUND(N77*19%,2) -> 4750 | P77: =ROUND(N77+O77,2) -> 29750 | Q77: =ROUND(P77*F77,2) -> 29750 | X77: =ROUND(MIN(I77,N77),2) -> 20500 | Y77: =ROUND(MAX(I77,N77),2) -> 25000 | Z77: =ROUND(AVERAGE(I77,N77),2) -> 22750 | AA77: =ROUND(AVERAGE(X77,Z77),2) -> 21625 | AC77: =Z77 -> 22750 | AD77: =ROUND(AC77*19%,2) -> 4322.5 | AE77: =ROUND(AC77+AD77,2) -> 27072.5 | AF77: =ROUND(AE77*F77,2) -> 27072.5
A78: 3 | D78: Resorte del disparador. | E78: UNIDAD | F78: 1 | I78: 8500 | J78: =ROUND(I78*19%,2) -> 1615 | K78: =ROUND(I78+J78,2) -> 10115 | L78: =ROUND(K78*F78,2) -> 10115 | N78: 10000 | O78: =ROUND(N78*19%,2) -> 1900 | P78: =ROUND(N78+O78,2) -> 11900 | Q78: =ROUND(P78*F78,2) -> 11900 | X78: =ROUND(MIN(I78,N78),2) -> 8500 | Y78: =ROUND(MAX(I78,N78),2) -> 10000 | Z78: =ROUND(AVERAGE(I78,N78),2) -> 9250 | AA78: =ROUND(AVERAGE(X78,Z78),2) -> 8875 | AC78: =Z78 -> 9250 | AD78: =ROUND(AC78*19%,2) -> 1757.5 | AE78: =ROUND(AC78+AD78,2) -> 11007.5 | AF78: =ROUND(AE78*F78,2) -> 11007.5
A79: 4 | D79: Resorte del percutor. | E79: UNIDAD | F79: 1 | I79: 5500 | J79: =ROUND(I79*19%,2) -> 1045 | K79: =ROUND(I79+J79,2) -> 6545 | L79: =ROUND(K79*F79,2) -> 6545 | N79: 10000 | O79: =ROUND(N79*19%,2) -> 1900 | P79: =ROUND(N79+O79,2) -> 11900 | Q79: =ROUND(P79*F79,2) -> 11900 | X79: =ROUND(MIN(I79,N79),2) -> 5500 | Y79: =ROUND(MAX(I79,N79),2) -> 10000 | Z79: =ROUND(AVERAGE(I79,N79),2) -> 7750 | AA79: =ROUND(AVERAGE(X79,Z79),2) -> 6625 | AC79: =Z79 -> 7750 | AD79: =ROUND(AC79*19%,2) -> 1472.5 | AE79: =ROUND(AC79+AD79,2) -> 9222.5 | AF79: =ROUND(AE79*F79,2) -> 9222.5
A80: 5 | D80: Resorte del extractor. | E80: UNIDAD | F80: 1 | I80: 12000 | J80: =ROUND(I80*19%,2) -> 2280 | K80: =ROUND(I80+J80,2) -> 14280 | L80: =ROUND(K80*F80,2) -> 14280 | N80: 10000 | O80: =ROUND(N80*19%,2) -> 1900 | P80: =ROUND(N80+O80,2) -> 11900 | Q80: =ROUND(P80*F80,2) -> 11900 | X80: =ROUND(MIN(I80,N80),2) -> 10000 | Y80: =ROUND(MAX(I80,N80),2) -> 12000 | Z80: =ROUND(AVERAGE(I80,N80),2) -> 11000 | AA80: =ROUND(AVERAGE(X80,Z80),2) -> 10500 | AC80: =Z80 -> 11000 | AD80: =ROUND(AC80*19%,2) -> 2090 | AE80: =ROUND(AC80+AD80,2) -> 13090 | AF80: =ROUND(AE80*F80,2) -> 13090
A81: 6 | D81: Resorte de la culata plegable. | E81: UNIDAD | F81: 1 | I81: 6600 | J81: =ROUND(I81*19%,2) -> 1254 | K81: =ROUND(I81+J81,2) -> 7854 | L81: =ROUND(K81*F81,2) -> 7854 | N81: 10000 | O81: =ROUND(N81*19%,2) -> 1900 | P81: =ROUND(N81+O81,2) -> 11900 | Q81: =ROUND(P81*F81,2) -> 11900 | X81: =ROUND(MIN(I81,N81),2) -> 6600 | Y81: =ROUND(MAX(I81,N81),2) -> 10000 | Z81: =ROUND(AVERAGE(I81,N81),2) -> 8300 | AA81: =ROUND(AVERAGE(X81,Z81),2) -> 7450 | AC81: =Z81 -> 8300 | AD81: =ROUND(AC81*19%,2) -> 1577 | AE81: =ROUND(AC81+AD81,2) -> 9877 | AF81: =ROUND(AE81*F81,2) -> 9877
A82: 7 | D82: Resorte del Culatín de la culata plegable. | E82: UNIDAD | F82: 1 | I82: 16000 | J82: =ROUND(I82*19%,2) -> 3040 | K82: =ROUND(I82+J82,2) -> 19040 | L82: =ROUND(K82*F82,2) -> 19040 | N82: 10000 | O82: =ROUND(N82*19%,2) -> 1900 | P82: =ROUND(N82+O82,2) -> 11900 | Q82: =ROUND(P82*F82,2) -> 11900 | X82: =ROUND(MIN(I82,N82),2) -> 10000 | Y82: =ROUND(MAX(I82,N82),2) -> 16000 | Z82: =ROUND(AVERAGE(I82,N82),2) -> 13000 | AA82: =ROUND(AVERAGE(X82,Z82),2) -> 11500 | AC82: =Z82 -> 13000 | AD82: =ROUND(AC82*19%,2) -> 2470 | AE82: =ROUND(AC82+AD82,2) -> 15470 | AF82: =ROUND(AE82*F82,2) -> 15470
A83: 8 | D83: Resorte del retén del cargador. | E83: UNIDAD | F83: 1 | I83: 16000 | J83: =ROUND(I83*19%,2) -> 3040 | K83: =ROUND(I83+J83,2) -> 19040 | L83: =ROUND(K83*F83,2) -> 19040 | N83: 10000 | O83: =ROUND(N83*19%,2) -> 1900 | P83: =ROUND(N83+O83,2) -> 11900 | Q83: =ROUND(P83*F83,2) -> 11900 | X83: =ROUND(MIN(I83,N83),2) -> 10000 | Y83: =ROUND(MAX(I83,N83),2) -> 16000 | Z83: =ROUND(AVERAGE(I83,N83),2) -> 13000 | AA83: =ROUND(AVERAGE(X83,Z83),2) -> 11500 | AC83: =Z83 -> 13000 | AD83: =ROUND(AC83*19%,2) -> 2470 | AE83: =ROUND(AC83+AD83,2) -> 15470 | AF83: =ROUND(AE83*F83,2) -> 15470
A84: 9 | D84: Resorte de la empuñadura de seguridad automática. | E84: UNIDAD | F84: 1 | I84: 19000 | J84: =ROUND(I84*19%,2) -> 3610 | K84: =ROUND(I84+J84,2) -> 22610 | L84: =ROUND(K84*F84,2) -> 22610 | N84: 10000 | O84: =ROUND(N84*19%,2) -> 1900 | P84: =ROUND(N84+O84,2) -> 11900 | Q84: =ROUND(P84*F84,2) -> 11900 | X84: =ROUND(MIN(I84,N84),2) -> 10000 | Y84: =ROUND(MAX(I84,N84),2) -> 19000 | Z84: =ROUND(AVERAGE(I84,N84),2) -> 14500 | AA84: =ROUND(AVERAGE(X84,Z84),2) -> 12250 | AC84: =Z84 -> 14500 | AD84: =ROUND(AC84*19%,2) -> 2755 | AE84: =ROUND(AC84+AD84,2) -> 17255 | AF84: =ROUND(AE84*F84,2) -> 17255
A85: 10 | D85: Resorte de seguridad del disparador. | E85: UNIDAD | F85: 1 | I85: 12900 | J85: =ROUND(I85*19%,2) -> 2451 | K85: =ROUND(I85+J85,2) -> 15351 | L85: =ROUND(K85*F85,2) -> 15351 | N85: 10000 | O85: =ROUND(N85*19%,2) -> 1900 | P85: =ROUND(N85+O85,2) -> 11900 | Q85: =ROUND(P85*F85,2) -> 11900 | X85: =ROUND(MIN(I85,N85),2) -> 10000 | Y85: =ROUND(MAX(I85,N85),2) -> 12900 | Z85: =ROUND(AVERAGE(I85,N85),2) -> 11450 | AA85: =ROUND(AVERAGE(X85,Z85),2) -> 10725 | AC85: =Z85 -> 11450 | AD85: =ROUND(AC85*19%,2) -> 2175.5 | AE85: =ROUND(AC85+AD85,2) -> 13625.5 | AF85: =ROUND(AE85*F85,2) -> 13625.5
A86: 11 | D86: Resorte de trinquete de la tuerca delantera | E86: UNIDAD | F86: 1 | I86: 9300 | J86: =ROUND(I86*19%,2) -> 1767 | K86: =ROUND(I86+J86,2) -> 11067 | L86: =ROUND(K86*F86,2) -> 11067 | N86: 10000 | O86: =ROUND(N86*19%,2) -> 1900 | P86: =ROUND(N86+O86,2) -> 11900 | Q86: =ROUND(P86*F86,2) -> 11900 | X86: =ROUND(MIN(I86,N86),2) -> 9300 | Y86: =ROUND(MAX(I86,N86),2) -> 10000 | Z86: =ROUND(AVERAGE(I86,N86),2) -> 9650 | AA86: =ROUND(AVERAGE(X86,Z86),2) -> 9475 | AC86: =Z86 -> 9650 | AD86: =ROUND(AC86*19%,2) -> 1833.5 | AE86: =ROUND(AC86+AD86,2) -> 11483.5 | AF86: =ROUND(AE86*F86,2) -> 11483.5
A87: 12 | D87: Resorte plano del cerrojo. | E87: UNIDAD | F87: 1 | I87: 7900 | J87: =ROUND(I87*19%,2) -> 1501 | K87: =ROUND(I87+J87,2) -> 9401 | L87: =ROUND(K87*F87,2) -> 9401 | N87: 10000 | O87: =ROUND(N87*19%,2) -> 1900 | P87: =ROUND(N87+O87,2) -> 11900 | Q87: =ROUND(P87*F87,2) -> 11900 | X87: =ROUND(MIN(I87,N87),2) -> 7900 | Y87: =ROUND(MAX(I87,N87),2) -> 10000 | Z87: =ROUND(AVERAGE(I87,N87),2) -> 8950 | AA87: =ROUND(AVERAGE(X87,Z87),2) -> 8425 | AC87: =Z87 -> 8950 | AD87: =ROUND(AC87*19%,2) -> 1700.5 | AE87: =ROUND(AC87+AD87,2) -> 10650.5 | AF87: =ROUND(AE87*F87,2) -> 10650.5
A88: 13 | D88: Resorte de la base de la mira. | E88: UNIDAD | F88: 1 | I88: 4100 | J88: =ROUND(I88*19%,2) -> 779 | K88: =ROUND(I88+J88,2) -> 4879 | L88: =ROUND(K88*F88,2) -> 4879 | N88: 10000 | O88: =ROUND(N88*19%,2) -> 1900 | P88: =ROUND(N88+O88,2) -> 11900 | Q88: =ROUND(P88*F88,2) -> 11900 | X88: =ROUND(MIN(I88,N88),2) -> 4100 | Y88: =ROUND(MAX(I88,N88),2) -> 10000 | Z88: =ROUND(AVERAGE(I88,N88),2) -> 7050 | AA88: =ROUND(AVERAGE(X88,Z88),2) -> 5575 | AC88: =Z88 -> 7050 | AD88: =ROUND(AC88*19%,2) -> 1339.5 | AE88: =ROUND(AC88+AD88,2) -> 8389.5 | AF88: =ROUND(AE88*F88,2) -> 8389.5
... A104: 29 | D104: Cambio de los anillos en teflón de la varilla guía y resorte recuperador (subametralladora MP5). | E104: UNIDAD | F104: 1 | I104: 20000 | J104: =ROUND(I104*19%,2) -> 3800 | K104: =ROUND(I104+J104,2) -> 23800 | L104: =ROUND(K104*F104,2) -> 23800 | N104: 20000 | O104: =ROUND(N104*19%,2) -> 3800 | P104: =ROUND(N104+O104,2) -> 23800 | Q104: =ROUND(P104*F104,2) -> 23800 | X104: =ROUND(MIN(I104,N104),2) -> 20000 | Y104: =ROUND(MAX(I104,N104),2) -> 20000 | Z104: =ROUND(AVERAGE(I104,N104),2) -> 20000 | AA104: =ROUND(AVERAGE(X104,Z104),2) -> 20000 | AC104: =Z104 -> 20000 | AD104: =ROUND(AC104*19%,2) -> 3800 | AE104: =ROUND(AC104+AD104,2) -> 23800 | AF104: =ROUND(AE104*F104,2) -> 23800
C105: VALOR TOTAL Suministro y cambio de los repuestos de acuerdo al tipo de SubAmetralladora | L105: =SUM(L76:L104) -> 1295077 | Q105: =SUM(Q76:Q104) -> 1719550 | AF105: =SUM(AF76:AF104) -> 1507313.5
J106: TOTAL MANTENIMIENTO Y REPUESTOS SUBAMETRALLADORAS CALIBRE 9MM | L106: =L54+L74+L105 -> 3360322 | O106: TOTAL MANTENIMIENTO Y REPUESTOS SUBAMETRALLADORAS CALIBRE 9MM | Q106: =Q54+Q74+Q105 -> 3968650 | AD106: TOTAL MANTENIMIENTO Y REPUESTOS SUBAMETRALLADORAS CALIBRE 9MM | AF106: =AF54+AF74+AF105 -> 3664486
A107: FUSILES 5.56
A109: ITEM | B109: REQUISITOS GENERALES | C109: REQUISITOS ESPECÍFICOS | D109: ACTIVIDAD | E109: UNIDAD DE MEDIDA | F109: CANTIDAD
A112: 1 | B112: Mantenimiento de Fusil (Arma automática y armas automáticas), en todos sus componentes: Externos: Cañón, Receptor o armazón Internos: Mecanismo de alimentación, Mecanismos de cierre, Mecanismos de disparo y persecución, Mecanismo de extracción, Mecanismos de seguridad. | C112:  FASE I. DESPIECE Y DESPLAQUE DE FUSILES 5.56 (Según especificaciones de la Ficha Técnica) | D112: Despiece general del arma | E112: UNIDAD | F112: 1 | I112: 82500 | J112: =ROUND(I112*19%,2) -> 15675 | K112: =ROUND(J112+I112,2) -> 98175 | L112: =ROUND(K112*F112,2) -> 98175 | N112: 70000 | O112: =ROUND(N112*19%,2) -> 13300 | P112: =ROUND(O112+N112,2) -> 83300 | Q112: =ROUND(P112*F112,2) -> 83300 | X112: =ROUND(MIN(I112,N112),2) -> 70000 | Y112: =ROUND(MAX(I112,N112),2) -> 82500 | Z112: =ROUND(AVERAGE(I112,N112),2) -> 76250 | AA112: =ROUND(AVERAGE(X112,Z112),2) -> 73125 | AC112: =Z112 -> 76250 | AD112: =ROUND(AC112*19%,2) -> 14487.5 | AE112: =ROUND(AD112+AC112,2) -> 90737.5 | AF112: =ROUND(AE112*F112,2) -> 90737.5
A113: 2 | D113: Revisión de piezas para constatar fracturas y fisuras en material
C114: VALOR TOTAL DESPIECE Y DESPLAQUE DE FUSILES 5.56 | L114: =SUM(L112) -> 98175 | Q114: =SUM(Q112) -> 83300 | AF114: =SUM(AF112) -> 90737.5
A116: 1 | C116:  FASE II. REVISIÓN DE LOS MECANISMOS Y CAMBIO DE REPUESTOS REQUERIDOS DE FUSILES 5.56 (Según especificaciones de la Ficha Técnica) | D116: Desarme y arme general del arma | E116: UNIDAD | F116: 1 | I116: 1150000 | J116: =ROUND(I116*19%,2) -> 218500 | K116: =ROUND(I116+J116,2) -> 1368500 | L116: =ROUND(K116*F116,2) -> 1368500 | N116: 1300000 | O116: =ROUND(N116*19%,2) -> 247000 | P116: =ROUND(N116+O116,2) -> 1547000 | Q116: =ROUND(P116*F116,2) -> 1547000 | X116: =ROUND(MIN(I116,N116),2) -> 1150000 | Y116: =ROUND(MAX(I116,N116),2) -> 1300000 | Z116: =ROUND(AVERAGE(I116,N116),2) -> 1225000 | AA116: =ROUND(AVERAGE(X116,Z116),2) -> 1187500 | AC116: =Z116 -> 1225000 | AD116: =ROUND(AC116*19%,2) -> 232750 | AE116: =ROUND(AC116+AD116,2) -> 1457750 | AF116: =ROUND(AE116*F116,2) -> 1457750
A117: 2 | D117: Cambio de sistemas de tensión del disparador, sistema de percusión y mecanismos de disparo.
A118: 3 | D118: Limpieza del ánima del cañón y tubo de gases
A119: 4 | D119: Limpieza y lubricación general.
A120: 5 | D120: Desplaque superficial y desoxidación de los mecanismos internos y externos del arma.
A121: 6 | D121: Recubrimiento de pintura cerámica de alta resistencia y adherencia color Negro a los elementos externos del arma.
A122: 7 | D122: Recubrimiento de pintura cerámica de alta resistencia y adherencia color negro al proveedor del arma.
A123: 8 | D123: Tratamiento superficial de pavonado a los elementos y mecanismos internos del arma (piezas móviles).
A124: 9 | D124: Cambio de pasadores en mal estado.
A125: 10 | D125: Cambio de muelles (resortes).
A126: 11 | D126: Reparación del punto y alza de Mira o cambio si presenta deformación
C127: VALOR TOTAL REVISIÓN DE LOS MECANISMOS Y CAMBIO DE REPUESTOS REQUERIDOS DE FUSILES 5.56 | L127: =SUM(L116) -> 1368500 | Q127: =SUM(Q116) -> 1547000 | AF127: =SUM(AF116) -> 1457750
A129: 1 | C129: CAMBIO DE REPUESTOS de acuerdo al tipo de Fusil (Según especificaciones de la Ficha Técnica) | D129: Resorte recuperador. | E129: UNIDAD | F129: 1 | I129: 23000 | J129: =ROUND(I129*19%,2) -> 4370 | K129: =ROUND(I129+J129,2) -> 27370 | L129: =ROUND(K129*F129,2) -> 27370 | N129: 30000 | O129: =ROUND(N129*19%,2) -> 5700 | P129: =ROUND(N129+O129,2) -> 35700 | Q129: =ROUND(P129*F129,2) -> 35700 | X129: =ROUND(MIN(I129,N129),2) -> 23000 | Y129: =ROUND(MAX(I129,N129),2) -> 30000 | Z129: =ROUND(AVERAGE(I129,N129),2) -> 26500 | AA129: =ROUND(AVERAGE(X129,Z129),2) -> 24750 | AC129: =Z129 -> 26500 | AD129: =ROUND(AC129*19%,2) -> 5035 | AE129: =ROUND(AC129+AD129,2) -> 31535 | AF129: =ROUND(AE129*F129,2) -> 31535
A130: 2 | D130: Resorte del pestillo del seguro del bloqueador | E130: UNIDAD | F130: 1 | I130: 6700 | J130: =ROUND(I130*19%,2) -> 1273 | K130: =ROUND(I130+J130,2) -> 7973 | L130: =ROUND(K130*F130,2) -> 7973 | N130: 10000 | O130: =ROUND(N130*19%,2) -> 1900 | P130: =ROUND(N130+O130,2) -> 11900 | Q130: =ROUND(P130*F130,2) -> 11900 | X130: =ROUND(MIN(I130,N130),2) -> 6700 | Y130: =ROUND(MAX(I130,N130),2) -> 10000 | Z130: =ROUND(AVERAGE(I130,N130),2) -> 8350 | AA130: =ROUND(AVERAGE(X130,Z130),2) -> 7525 | AC130: =Z130 -> 8350 | AD130: =ROUND(AC130*19%,2) -> 1586.5 | AE130: =ROUND(AC130+AD130,2) -> 9936.5 | AF130: =ROUND(AE130*F130,2) -> 9936.5
A131: 3 | D131: Resorte del des conector. | E131: UNIDAD | F131: 1 | I131: 5500 | J131: =ROUND(I131*19%,2) -> 1045 | K131: =ROUND(I131+J131,2) -> 6545 | L131: =ROUND(K131*F131,2) -> 6545 | N131: 10000 | O131: =ROUND(N131*19%,2) -> 1900 | P131: =ROUND(N131+O131,2) -> 11900 | Q131: =ROUND(P131*F131,2) -> 11900 | X131: =ROUND(MIN(I131,N131),2) -> 5500 | Y131: =ROUND(MAX(I131,N131),2) -> 10000 | Z131: =ROUND(AVERAGE(I131,N131),2) -> 7750 | AA131: =ROUND(AVERAGE(X131,Z131),2) -> 6625 | AC131: =Z131 -> 7750 | AD131: =ROUND(AC131*19%,2) -> 1472.5 | AE131: =ROUND(AC131+AD131,2) -> 9222.5 | AF131: =ROUND(AE131*F131,2) -> 9222.5
...

Sheet ANEXO 4- PISTOLAS 
A1: FORMATO OFERTA ECONOMICA 2026
C2: "MANTENIMIENTO CORRECTIVO CON SUMINISTRO DE REPUESTOS PARA ARMAS DE FUEGO TIPO PISTOLASCALIBRE 9MM, SUBAMETRALLADORAS CALIBRE 9MM Y FUSILES CALIBRE 5.56 DE DIFERENTES MARCAS Y MODELOS PARA LA FISCALÍA GENERAL DE LA NACIÓN”
A6: MANTENIMIENTO CORRECTIVO CON SUMINISTRO DE REPUESTOS PARA ARMAS DE FUEGO TIPO PISTOLAS, CALIBRE 9 MM, DE DIFERENTES MARCAS Y MODELOS PARA LA FISCALIA GENERAL DE LA NACION. (SEGÚN ESPECIFICACIONES TÉCNICAS - FICHA TECNICA No. 1 (PISTOLAS CALIBRE 9MM )
I8: PRECIO FINAL SELECCIONADO
A10: ITEM | B10: REQUISITOS GENERALES | C10: REQUISITOS ESPECÍFICOS | D10: ACTIVIDAD | E10: UNIDAD DE MEDIDA | F10: CANTIDAD | I10: VALOR UNITARIO | J10: IVA | K10: VALOR UNITARIO INCLUIDO IVA
A12: 1 | B12: Mantenimiento de Pistolas (Arma semiautomáticas), en todos sus componentes: Externos: Receptor o armazón Internos: Mecanismo de alimentación, Mecanismos de cierre, Mecanismos de disparo y percusión, Mecanismo de extracción, Mecanismos de seguridad. | C12:   FASE I. DESPIECE Y DESPLAQUE DE PISTOLAS 9MM (Según especificaciones de la Ficha Técnica) | D12: Despiece general del arma | E12: UNIDAD | F12: 1 | J12: =ROUND(I12*19%,2) -> 0 | K12: =ROUND(I12+J12,2) -> 0
A13: 2 | D13: Revisión de piezas para constatar fisuras, fracturas o desgastes en el material
C14: VALOR TOTAL DESPIECE Y DESPLAQUE DE PISTOLAS 9MM | K14: =ROUND(SUM(K12),2) -> 0
A16: 1 | C16:  FASE II. REVISIÓN DE LOS MECANISMOS,CAMBIO DE REPUESTOS REQUERIDOS DE PISTOLAS 9MM (Según especificaciones de la Ficha Técnica) | D16: Desarme y arme general del arma | E16: UNIDAD | F16: 1 | J16: =ROUND(I16*19%,2) -> 0 | K16: =ROUND(I16+J16,2) -> 0
A17: 2 | D17: Cambio de sistemas de tensión del disparador, sistema de percusión y mecanismos de disparo.
A18: 3 | D18: Desplaque superficial y desoxidación de los mecanismos internos y externos del arma
A19: 4 | D19: Limpieza del ánima del cañón.
A20: 5 | D20: Limpieza y lubricación general.
A21: 6 | D21: Recubrimiento de pintura cerámica de alta resistencia y adherencia color negro a los elementos externos.
A22: 7 | D22: Recubrimiento de pintura cerámica de alta resistencia y adherencia color negro al proveedor del arma.
A23: 8 | D23: Tratamiento superficial de pavonado a los elementos y mecanismos internos del arma (piezas móviles).
A24: 9 | D24: Cambio de pasadores
A25: 10 | D25: Cambio de los resortes
A26: 11 | D26: Cambio de los tornillos y arandelas de las cachas pistolas CZ.
A27: 12 | D27: Cambio de las cachas pistolas CZ. | E27: UNIDAD | F27: 1 | J27: =ROUND(I27*19%,2) -> 0 | K27: =ROUND(I27+J27,2) -> 0
A28: 13 | D28: Cambio Varilla guía de polímero por varilla guía metálica para las pistolas CZ.
A29: 14 | D29: Reparación del punto y alza de Mira
C30: VALOR TOTAL REVISIÓN DE LOS MECANISMOS,CAMBIO DE REPUESTOS REQUERIDOS DE PISTOLAS 9MM | K30: =ROUND(SUM(K16:K29),2) -> 0
A32: 1 | C32: Cambio de repuestos de acuerdo al tipo de Pistola 9MM: (Según especificaciones de la Ficha Técnica) | D32: Resorte del fiador | E32: UNIDAD | F32: 1 | J32: =ROUND(I32*19%,2) -> 0 | K32: =ROUND(I32+J32,2) -> 0
A33: 2 | D33: Resorte recuperador. | E33: UNIDAD | F33: 1 | J33: =ROUND(I33*19%,2) -> 0 | K33: =ROUND(I33+J33,2) -> 0
A34: 3 | D34: Resorte del disparador. | E34: UNIDAD | F34: 1 | J34: =ROUND(I34*19%,2) -> 0 | K34: =ROUND(I34+J34,2) -> 0
A35: 4 | D35: Resorte del percutor. | E35: UNIDAD | F35: 1 | J35: =ROUND(I35*19%,2) -> 0 | K35: =ROUND(I35+J35,2) -> 0
A36: 5 | D36: Resorte de los pestillos del seguro de la corredera | E36: UNIDAD | F36: 1 | J36: =ROUND(I36*19%,2) -> 0 | K36: =ROUND(I36+J36,2) -> 0
A37: 6 | D37: Resorte de la barra del martillo. | E37: UNIDAD | F37: 1 | J37: =ROUND(I37*19%,2) -> 0 | K37: =ROUND(I37+J37,2) -> 0
A38: 7 | D38: Resorte del retén de la corredera. | E38: UNIDAD | F38: 1 | J38: =ROUND(I38*19%,2) -> 0 | K38: =ROUND(I38+J38,2) -> 0
A39: 8 | D39: Resorte del seguro bloqueador del percutor. | E39: UNIDAD | F39: 1 | J39: =ROUND(I39*19%,2) -> 0 | K39: =ROUND(I39+J39,2) -> 0
A40: 9 | D40: Resorte barra del disparador (extensor). | E40: UNIDAD | F40: 1 | J40: =ROUND(I40*19%,2) -> 0 | K40: =ROUND(I40+J40,2) -> 0
A41: 10 | D41: Resorte palanca de desarme. | E41: UNIDAD | F41: 1 | J41: =ROUND(I41*19%,2) -> 0 | K41: =ROUND(I41+J41,2) -> 0
A42: 11 | D42: Resorte de uña extractora | E42: UNIDAD | F42: 1 | J42: =ROUND(I42*19%,2) -> 0 | K42: =ROUND(I42+J42,2) -> 0
A43: 12 | D43: Cambio sistemas de tensión del disparador, sistema de percusión y mecanismos de disparo | E43: UNIDAD | F43: 1 | J43: =ROUND(I43*19%,2) -> 0 | K43: =ROUND(I43+J43,2) -> 0
A44: 13 | D44: Cambio de pasadores. | E44: UNIDAD | F44: 1 | J44: =ROUND(I44*19%,2) -> 0 | K44: =ROUND(I44+J44,2) -> 0
... A49: 18 | D49: Reparación del punto y alza de Mira | E49: UNIDAD | F49: 1 | J49: =ROUND(I49*19%,2) -> 0 | K49: =ROUND(I49+J49,2) -> 0
C50: VALOR TOTAL CAMBIO DE REPUESTOS de acuerdo al tipo de Pistola 9MM | K50: =ROUND(SUM(K36:K49),2) -> 0
A52: TOTAL PISTOLAS CALIBRE 9MM | K52: =ROUND(K14+K30+K50,2) -> 0
B57: NOTAS:
B59: IMPORTANTE: El proponente en la estructuración de su oferta económica deberá presentar máximo DOS (2) decimales, con el fin de no afectar el cálculo de variables como IVA, AYS, AIU, entre otros. En el caso que se presenten más de DOS (2) decimales, se recomienda utilizar el método de redondeo estándar, esto es, si el tercer decimal es menor que CINCO (5), el segundo decimal se mantiene; si el tercer decimal es igual o mayor que CINCO (5), el segundo decimal se incrementa en uno.
B60: Nota:
B61: 1) No modificar ninguna especificación descrita en la necesidad. 2) Tener en cuenta las causales de rechazo establecidas en el Pliego de condiciones. 3) Debe ajustarse exactamente a lo solicitado en la Ficha Técnica. 4) Debe presentar oferta en formato EXCEL EDITABLE.
B63: Marque con una X la opción que corresponda
B64: PERSONA JURÍDICA | E64: X
B65: El Decreto 1600 de 2024 en el artículo 2.1.4.3.2.1. establece: “Prevención de corrupción en la contratación pública. (…) Fortalecer los análisis de mercado para la fijación objetiva de precios. En la elaboración del análisis de mercado para fijar los precios, deberán realizarse estudios públicos y abiertos, que permita un análisis comparativo de los precios de referencia para alcanzar valores de mercado favorables y mayor eficiencia en gasto. En esa medida, y con el fin de mitigar sobrecostos, en la definición de presupuestos a partir de cotizaciones no se podrán realizar consultas cerradas ni direccionadas a grupos reducidos de empresas y se verificará la ausencia de inhabilidades e incompatibilidad es de las empresas que coticen (…)”, en razón a la norma citada y actuando en calidad de representante legal, certifico con mi firma bajo la gravedad de juramento, que ni la empresa ni sus accionistas se encuentran inmersos en inhabilidades e incompatibilidades frente a las empresas que puedan presentarse a cotizar en este proceso.
B66: PERSONA NATURAL
B67: El Decreto 1600 de 2024 en su artículo 2.1.4.3.2.1. establece: “Prevención de corrupción en la contratación pública. (…) Fortalecer los análisis de mercado para la fijación objetiva de precios. En la elaboración del análisis de mercado para fijar los precios, deberán realizarse estudios públicos y abiertos, que permita un análisis comparativo de los precios de referencia para alcanzar valores de mercado favorables y mayor eficiencia en gasto. En esa medida, y con el fin de mitigar sobrecostos, en la definición de presupuestos a partir de cotizaciones no se podrán realizar consultas cerradas ni direccionadas a grupos reducidos de empresas y se verificará la ausencia de inhabilidades e incompatibilidad es de las empresas que coticen (…)”, en razón a la norma citada y actuando en nombre propio, certifico con mi firma bajo la gravedad de juramento que no me encuentro inmerso en inhabilidades e incompatibilidades frente a los posibles oferentes que puedan presentarse a cotizar en este proceso.
B68: Empresa / Nombre Completo:
B69: Representante Legal:
B70: NIT / C.C.:
B71: Teléfono o Celular:
B72: E-mail:
B73: Fecha de Oferta:
B74: Validez de Oferta económica 90 días: | E74: SI____ NO_____
B75: ¿Cumple con lo solicitado en le Ficha Técnica? | E75: SI _____ NO_____
B76: IVA (INDICAR SI LOS ITEMS ESTÁN O NO EXCENTOS DEL IVA, DE ESTAR EXCENTOS FAVOR INDICAR LA NORMA)
B77: FIRMA DIGITAL

Sheet ANEXO 4 - SUBAMETRALLADORAS 
B2: FORMATO OFERTA ECONOMICA 2026
D3: “MANTENIMIENTO CORRECTIVO CON SUMINISTRO DE REPUESTOS PARA ARMAS DE FUEGO TIPO PISTOLASCALIBRE 9MM, SUBAMETRALLADORAS CALIBRE 9MM Y FUSILES CALIBRE 5.56 DE DIFERENTES MARCAS Y MODELOS PARA LA FISCALÍA GENERAL DE LA NACIÓN”
B6: MANTENIMIENTO CORRECTIVO CON SUMINISTRO DE REPUESTOS PARA ARMAS DE FUEGO TIPO SUB AMETRALLADORAS CALIBRE 9 MM, DE DIFERENTES MARCAS Y MODELOS PARA LA FISCALIA GENERAL DE LA NACION. (SEGÚN ESPECIFICACIONES TÉCNICAS - FICHA TECNICA No. 2 (SUBAMETRALLADORAS CALIBRE 9MM)
J9: PRECIO FINAL SELECCIONADO
B11: ITEM | C11: REQUISITOS GENERALES | D11: REQUISITOS ESPECÍFICOS | E11: ACTIVIDAD | F11: UNIDAD DE MEDIDA | G11: CANTIDAD | J11: VALOR UNITARIO | K11: IVA | L11: VALOR UNITARIO INCLUIDO IVA
B13: 1 | C13: Mantenimiento de subametralladora (Arma automática y semiautomática), en todos sus componentes: Externos: Cañón, Receptor o armazón Internos: Mecanismo de alimentación, Mecanismos de cierre, Mecanismos de disparo y persecución, Mecanismo de extracción, Mecanismos de seguridad. | D13:  FASE I.  FASE I. DESPIECE Y DESPLAQUE DE SUB-AMETRALLADORAS CALIBRE 9MM (según especificaciones Ficha Técnica) | E13: Despiece general del arma | F13: UNIDAD | G13: 1 | K13: =ROUND(J13*19%,2) -> 0 | L13: =ROUND(J13+K13,2) -> 0
B14: 2 | E14: Revisión de piezas para constatar fracturas en material.
D15: VALOR TOTAL DESPIECE Y DESPLAQUE DE SUB-AMETRALLADORAS CALIBRE 9MM | L15: =SUM(L13) -> 0
B17: 1 | D17:  FASE II. REVISIÓN DE LOS MECANISMOS Y CAMBIO DE REPUESTOS REQUERIDOS. DE SUBAMETRALLADORAS CALIBRE 9MM (según especificaciones Ficha Técnica) | E17: Desarme y arme general del arma. | F17: UNIDAD | G17: 1 | K17: =ROUND(J17*19%,2) -> 0 | L17: =ROUND(J17+K17,2) -> 0
B18: 2 | E18: Revisión y cambio de sistemas de tensión del disparador, sistema de percusión y mecanismos de disparo.
B19: 3 | E19: Desplaque superficial y desoxidación de los mecanismos internos y externos del arma.
B20: 4 | E20: Limpieza del ánima del cañón.
B21: 5 | E21: Limpieza y lubricación general.
B22: 6 | E22: Aplicar revestimiento pintura cerámica de alta resistencia y adherencia color negro a los mecanismos externos.
B23: 7 | E23: Recubrimiento de pintura cerámica de alta resistencia y adherencia al proveedor del arma y reparación de los labios del proveedor.
B24: 8 | E24: Tratamiento superficial de pavonado a los elementos y mecanismos internos del arma (piezas móviles).
B25: 9 | E25: Cambio de los resortes
B26: 10 | E26: Cambio de los tornillos y arandelas de las cachas
B27: 11 | E27: Cambio de los tornillos de la cubierta de la empuñadura.
B28: 12 | E28: Reparación del tambor del alza de mira (subametralladora MP 5). | K28: =ROUND(J28*19%,2) -> 0 | L28: =ROUND(J28+K28,2) -> 0
B29: 13 | E29: Cambio del punto de mira y del alza de mira (subametralladora MP 5).
B30: 14 | E30: Cambio del arco protector del poste de mira (subametralladora MP 5)
B31: 15 | E31: Cambio del guardamano de polímero por guardamano en aluminio con riel picatinny y empuñadura vertical en aluminio. (subametralladora MP 5)
B32: 16 | E32: Cambio de los anillos en teflón de la varilla guía y resorte recuperador (subametralladora MP5).
B33: 17 | E33: Reparación de las palancas de cargue y polímero (subametralladora MP5).
B34: 18 | E34: Reparación de proveedores subametralladora MP5
D35: VALOR TOTAL REVISIÓN DE LOS MECANISMOS Y CAMBIO DE REPUESTOS REQUERIDOS. DE SUBAMETRALLADORAS CALIBRE 9MM | L35: =ROUND(SUM(L17:L34),2) -> 0
B37: 1 | D37: Suministro y cambio de los repuestos de acuerdo al tipo de SubAmetralladora (según especificaciones Ficha Técnica) | E37: Resorte del fiador. | F37: UNIDAD | G37: 1 | K37: =ROUND(J37*19%,2) -> 0 | L37: =ROUND(J37+K37,2) -> 0
B38: 2 | E38: Resorte recuperador. | F38: UNIDAD | G38: 1 | K38: =ROUND(J38*19%,2) -> 0 | L38: =ROUND(J38+K38,2) -> 0
B39: 3 | E39: Resorte del disparador. | F39: UNIDAD | G39: 1 | K39: =ROUND(J39*19%,2) -> 0 | L39: =ROUND(J39+K39,2) -> 0
B40: 4 | E40: Resorte del percutor. | F40: UNIDAD | G40: 1 | K40: =ROUND(J40*19%,2) -> 0 | L40: =ROUND(J40+K40,2) -> 0
B41: 5 | E41: Resorte del extractor. | F41: UNIDAD | G41: 1 | K41: =ROUND(J41*19%,2) -> 0 | L41: =ROUND(J41+K41,2) -> 0
B42: 6 | E42: Resorte de la culata plegable. | F42: UNIDAD | G42: 1 | K42: =ROUND(J42*19%,2) -> 0 | L42: =ROUND(J42+K42,2) -> 0
B43: 7 | E43: Resorte del Culatín de la culata plegable. | F43: UNIDAD | G43: 1 | K43: =ROUND(J43*19%,2) -> 0 | L43: =ROUND(J43+K43,2) -> 0
B44: 8 | E44: Resorte del retén del cargador. | F44: UNIDAD | G44: 1 | K44: =ROUND(J44*19%,2) -> 0 | L44: =ROUND(J44+K44,2) -> 0
B45: 9 | E45: Resorte de la empuñadura de seguridad automática. | F45: UNIDAD | G45: 1 | K45: =ROUND(J45*19%,2) -> 0 | L45: =ROUND(J45+K45,2) -> 0
B46: 10 | E46: Resorte de seguridad del disparador. | F46: UNIDAD | G46: 1 | K46: =ROUND(J46*19%,2) -> 0 | L46: =ROUND(J46+K46,2) -> 0
B47: 11 | E47: Resorte de trinquete de la tuerca delantera | F47: UNIDAD | G47: 1 | K47: =ROUND(J47*19%,2) -> 0 | L47: =ROUND(J47+K47,2) -> 0
B48: 12 | E48: Resorte plano del cerrojo. | F48: UNIDAD | G48: 1 | K48: =ROUND(J48*19%,2) -> 0 | L48: =ROUND(J48+K48,2) -> 0
B49: 13 | E49: Resorte de la base de la mira. | F49: UNIDAD | G49: 1 | K49: =ROUND(J49*19%,2) -> 0 | L49: =ROUND(J49+K49,2) -> 0
... B65: 29 | E65: Cambio de los anillos en teflón de la varilla guía y resorte recuperador (subametralladora MP5). | F65: UNIDAD | G65: 1 | K65: =ROUND(J65*19%,2) -> 0 | L65: =ROUND(J65+K65,2) -> 0
D66: VALOR TOTAL Suministro y cambio de los repuestos de acuerdo al tipo de SubAmetralladora | L66: =ROUND(SUM(L37:L65),2) -> 0
B68: TOTAL SUBAMETRALLADORA 9 MM | L68: =ROUND(L15+L35+L66,2) -> 0
B71: NOTAS:
B73: IMPORTANTE: El proponente en la estructuración de su oferta económica deberá presentar máximo DOS (2) decimales, con el fin de no afectar el cálculo de variables como IVA, AYS, AIU, entre otros. En el caso que se presenten más de DOS (2) decimales, se recomienda utilizar el método de redondeo estándar, esto es, si el tercer decimal es menor que CINCO (5), el segundo decimal se mantiene; si el tercer decimal es igual o mayor que CINCO (5), el segundo decimal se incrementa en uno.
B74: Nota:
B75: 1) No modificar ninguna especificación descrita en la necesidad. 2) Tener en cuenta las causales de rechazo establecidas en el Pliego de condiciones. 3) Debe ajustarse exactamente a lo solicitado en la Ficha Técnica. 4) Debe presentar oferta en formato EXCEL EDITABLE.
B77: Marque con una X la opción que corresponda
B78: PERSONA JURÍDICA | E78: X
B79: El Decreto 1600 de 2024 en el artículo 2.1.4.3.2.1. establece: “Prevención de corrupción en la contratación pública. (…) Fortalecer los análisis de mercado para la fijación objetiva de precios. En la elaboración del análisis de mercado para fijar los precios, deberán realizarse estudios públicos y abiertos, que permita un análisis comparativo de los precios de referencia para alcanzar valores de mercado favorables y mayor eficiencia en gasto. En esa medida, y con el fin de mitigar sobrecostos, en la definición de presupuestos a partir de cotizaciones no se podrán realizar consultas cerradas ni direccionadas a grupos reducidos de empresas y se verificará la ausencia de inhabilidades e incompatibilidad es de las empresas que coticen (…)”, en razón a la norma citada y actuando en calidad de representante legal, certifico con mi firma bajo la gravedad de juramento, que ni la empresa ni sus accionistas se encuentran inmersos en inhabilidades e incompatibilidades frente a las empresas que puedan presentarse a cotizar en este proceso.
B80: PERSONA NATURAL
B81: El Decreto 1600 de 2024 en su artículo 2.1.4.3.2.1. establece: “Prevención de corrupción en la contratación pública. (…) Fortalecer los análisis de mercado para la fijación objetiva de precios. En la elaboración del análisis de mercado para fijar los precios, deberán realizarse estudios públicos y abiertos, que permita un análisis comparativo de los precios de referencia para alcanzar valores de mercado favorables y mayor eficiencia en gasto. En esa medida, y con el fin de mitigar sobrecostos, en la definición de presupuestos a partir de cotizaciones no se podrán realizar consultas cerradas ni direccionadas a grupos reducidos de empresas y se verificará la ausencia de inhabilidades e incompatibilidad es de las empresas que coticen (…)”, en razón a la norma citada y actuando en nombre propio, certifico con mi firma bajo la gravedad de juramento que no me encuentro inmerso en inhabilidades e incompatibilidades frente a los posibles oferentes que puedan presentarse a cotizar en este proceso.
B82: Empresa / Nombre Completo:
B83: Representante Legal:
B84: NIT / C.C.:
B85: Teléfono o Celular:
B86: E-mail:
B87: Fecha de Oferta:
B88: Validez de Oferta económica 90 días: | E88: SI____ NO_____
B89: ¿Cumple con lo solicitado en le Ficha Técnica? | E89: SI _____ NO_____
B90: IVA (INDICAR SI LOS ITEMS ESTÁN O NO EXCENTOS DEL IVA, DE ESTAR EXCENTOS FAVOR INDICAR LA NORMA)
B91: FIRMA DIGITAL

Sheet ANEXO 4- FUSILES  
A1: FORMATO OFERTA ECONOMICA 2026
D2: “MANTENIMIENTO CORRECTIVO CON SUMINISTRO DE REPUESTOS PARA ARMAS DE FUEGO TIPO PISTOLASCALIBRE 9MM, SUBAMETRALLADORAS CALIBRE 9MM Y FUSILES CALIBRE 5.56 DE DIFERENTES MARCAS Y MODELOS PARA LA FISCALÍA GENERAL DE LA NACIÓN”
A6: MANTENIMIENTO CORRECTIVO CON SUMINISTRO DE REPUESTOS PARA PARA ARMAS DE FUEGO TIPO FUSILES CALIBRE 5.56 DE DIFERENTES MARCAS Y MODELOS PARA LA FISCALIA GENERAL DE LA NACION SEGÚN ESPECIFICACIONES TÉCNICAS -FICHA TECNICA No. 3 (FUSILES CALIBRE 5.56)
I8: PRECIO FINAL SELECCIONADO
A9: ITEM | B9: REQUISITOS GENERALES | C9: REQUISITOS ESPECÍFICOS | D9: ACTIVIDAD | E9: UNIDAD DE MEDIDA | F9: CANTIDAD
I10: VALOR UNITARIO | J10: IVA | K10: VALOR UNITARIO INCLUIDO IVA
A12: 1 | B12: Mantenimiento de Fusil (Arma automática y armas automáticas), en todos sus componentes: Externos: Cañón, Receptor o armazón Internos: Mecanismo de alimentación, Mecanismos de cierre, Mecanismos de disparo y persecución, Mecanismo de extracción, Mecanismos de seguridad. | C12:  FASE I. DESPIECE Y DESPLAQUE DE FUSILES 5.56 (Según especificaciones de la Ficha Técnica) | D12: Despiece general del arma | E12: UNIDAD | F12: 1 | J12: =ROUND(I12*19%,2) -> 0 | K12: =ROUND(I12+J12,2) -> 0
A13: 2 | D13: Revisión de piezas para constatar fracturas y fisuras en material
C14: VALOR TOTAL DESPIECE Y DESPLAQUE DE FUSILES 5.56 | K14: =ROUND(SUM(K12),2) -> 0
A16: 1 | C16:  FASE II. REVISIÓN DE LOS MECANISMOS Y CAMBIO DE REPUESTOS REQUERIDOS DE FUSILES 5.56 (Según especificaciones de la Ficha Técnica) | D16: Desarme y arme general del arma | E16: UNIDAD | F16: 1 | J16: =ROUND(I16*19%,2) -> 0 | K16: =ROUND(I16+J16,2) -> 0
A17: 2 | D17: Cambio de sistemas de tensión del disparador, sistema de percusión y mecanismos de disparo.
A18: 3 | D18: Limpieza del ánima del cañón y tubo de gases
A19: 4 | D19: Limpieza y lubricación general.
A20: 5 | D20: Desplaque superficial y desoxidación de los mecanismos internos y externos del arma.
A21: 6 | D21: Recubrimiento de pintura cerámica de alta resistencia y adherencia color Negro a los elementos externos del arma.
A22: 7 | D22: Recubrimiento de pintura cerámica de alta resistencia y adherencia color negro al proveedor del arma.
A23: 8 | D23: Tratamiento superficial de pavonado a los elementos y mecanismos internos del arma (piezas móviles).
A24: 9 | D24: Cambio de pasadores en mal estado.
A25: 10 | D25: Cambio de muelles (resortes).
A26: 11 | D26: Reparación del punto y alza de Mira o cambio si presenta deformación
C27: VALOR TOTAL REVISIÓN DE LOS MECANISMOS Y CAMBIO DE REPUESTOS REQUERIDOS DE FUSILES 5.56 | K27: =ROUND(SUM(K16:K26),2) -> 0
A29: 1 | C29: CAMBIO DE REPUESTOS de acuerdo al tipo de Fusil (Según especificaciones de la Ficha Técnica) | D29: Resorte recuperador. | E29: UNIDAD | F29: 1 | J29: =ROUND(I29*19%,2) -> 0 | K29: =ROUND(I29+J29,2) -> 0
A30: 2 | D30: Resorte del pestillo del seguro del bloqueador | E30: UNIDAD | F30: 1 | J30: =ROUND(I30*19%,2) -> 0 | K30: =ROUND(I30+J30,2) -> 0
A31: 3 | D31: Resorte del des conector. | E31: UNIDAD | F31: 1 | J31: =ROUND(I31*19%,2) -> 0 | K31: =ROUND(I31+J31,2) -> 0
A32: 4 | D32: Resorte del disparador. | E32: UNIDAD | F32: 1 | J32: =ROUND(I32*19%,2) -> 0 | K32: =ROUND(I32+J32,2) -> 0
A33: 5 | D33: Resorte de la empuñadura. | E33: UNIDAD | F33: 1 | J33: =ROUND(I33*19%,2) -> 0 | K33: =ROUND(I33+J33,2) -> 0
A34: 6 | D34: Resorte del perno reten. | E34: UNIDAD | F34: 1 | J34: =ROUND(I34*19%,2) -> 0 | K34: =ROUND(I34+J34,2) -> 0
A35: 7 | D35: Resorte del seguro de la tapa. | E35: UNIDAD | F35: 1 | J35: =ROUND(I35*19%,2) -> 0 | K35: =ROUND(I35+J35,2) -> 0
A36: 8 | D36: Resorte del pestillo poste de mira | E36: UNIDAD | F36: 1 | J36: =ROUND(I36*19%,2) -> 0 | K36: =ROUND(I36+J36,2) -> 0
A37: 9 | D37: Resorte de guardapolvo. | E37: UNIDAD | F37: 1 | J37: =ROUND(I37*19%,2) -> 0 | K37: =ROUND(I37+J37,2) -> 0
A38: 10 | D38: Resorte perilla lateral. | E38: UNIDAD | F38: 1 | J38: =ROUND(I38*19%,2) -> 0 | K38: =ROUND(I38+J38,2) -> 0
A39: 11 | D39: Muelle plano. | E39: UNIDAD | F39: 1 | J39: =ROUND(I39*19%,2) -> 0 | K39: =ROUND(I39+J39,2) -> 0
A40: 12 | D40: Resorte alojamiento de la mira. | E40: UNIDAD | F40: 1 | J40: =ROUND(I40*19%,2) -> 0 | K40: =ROUND(I40+J40,2) -> 0
A41: 13 | D41: Resorte perilla de elevación. | E41: UNIDAD | F41: 1 | J41: =ROUND(I41*19%,2) -> 0 | K41: =ROUND(I41+J41,2) -> 0
... A53: 25 | D53: Cambio de muelles (resortes). | E53: UNIDAD | F53: 1 | J53: =ROUND(I53*19%,2) -> 0 | K53: =ROUND(I53+J53,2) -> 0
C54: VALOR TOTAL CAMBIO DE REPUESTOS de acuerdo al tipo de Fusil | K54: =ROUND(SUM(K29:K53),2) -> 0
A56: TOTAL FUSILES CALIBRE 5.56 | K56: =ROUND(K14+K27+K54,2) -> 0
B61: NOTAS:
B63: IMPORTANTE: El proponente en la estructuración de su oferta económica deberá presentar máximo DOS (2) decimales, con el fin de no afectar el cálculo de variables como IVA, AYS, AIU, entre otros. En el caso que se presenten más de DOS (2) decimales, se recomienda utilizar el método de redondeo estándar, esto es, si el tercer decimal es menor que CINCO (5), el segundo decimal se mantiene; si el tercer decimal es igual o mayor que CINCO (5), el segundo decimal se incrementa en uno.
B64: Nota:
B65: 1) No modificar ninguna especificación descrita en la necesidad. 2) Tener en cuenta las causales de rechazo establecidas en el Pliego de condiciones. 3) Debe ajustarse exactamente a lo solicitado en la Ficha Técnica. 4) Debe presentar oferta en formato EXCEL EDITABLE.
B67: Marque con una X la opción que corresponda
B68: PERSONA JURÍDICA | E68: X
B69: El Decreto 1600 de 2024 en el artículo 2.1.4.3.2.1. establece: “Prevención de corrupción en la contratación pública. (…) Fortalecer los análisis de mercado para la fijación objetiva de precios. En la elaboración del análisis de mercado para fijar los precios, deberán realizarse estudios públicos y abiertos, que permita un análisis comparativo de los precios de referencia para alcanzar valores de mercado favorables y mayor eficiencia en gasto. En esa medida, y con el fin de mitigar sobrecostos, en la definición de presupuestos a partir de cotizaciones no se podrán realizar consultas cerradas ni direccionadas a grupos reducidos de empresas y se verificará la ausencia de inhabilidades e incompatibilidad es de las empresas que coticen (…)”, en razón a la norma citada y actuando en calidad de representante legal, certifico con mi firma bajo la gravedad de juramento, que ni la empresa ni sus accionistas se encuentran inmersos en inhabilidades e incompatibilidades frente a las empresas que puedan presentarse a cotizar en este proceso.
B70: PERSONA NATURAL
B71: El Decreto 1600 de 2024 en su artículo 2.1.4.3.2.1. establece: “Prevención de corrupción en la contratación pública. (…) Fortalecer los análisis de mercado para la fijación objetiva de precios. En la elaboración del análisis de mercado para fijar los precios, deberán realizarse estudios públicos y abiertos, que permita un análisis comparativo de los precios de referencia para alcanzar valores de mercado favorables y mayor eficiencia en gasto. En esa medida, y con el fin de mitigar sobrecostos, en la definición de presupuestos a partir de cotizaciones no se podrán realizar consultas cerradas ni direccionadas a grupos reducidos de empresas y se verificará la ausencia de inhabilidades e incompatibilidad es de las empresas que coticen (…)”, en razón a la norma citada y actuando en nombre propio, certifico con mi firma bajo la gravedad de juramento que no me encuentro inmerso en inhabilidades e incompatibilidades frente a los posibles oferentes que puedan presentarse a cotizar en este proceso.
B72: Empresa / Nombre Completo:
B73: Representante Legal:
B74: NIT / C.C.:
B75: Teléfono o Celular:
B76: E-mail:
B77: Fecha de Oferta:
B78: Validez de Oferta económica 90 días: | E78: SI____ NO_____
B79: ¿Cumple con lo solicitado en le Ficha Técnica? | E79: SI _____ NO_____
B80: IVA (INDICAR SI LOS ITEMS ESTÁN O NO EXCENTOS DEL IVA, DE ESTAR EXCENTOS FAVOR INDICAR LA NORMA)
B81: FIRMA DIGITAL

Sheet ANEXO 2 HISTORICOS
A1: ANEXO 2
F2: ANÁLISIS DE COSTOS HISTÓRICOS
F4: “PRESTAR EL SERVICIO DE MANTENIMIENTO CORRECTIVO CON SUMINISTRO DE REPUESTOS PARA ARMAS DE FUEGO TIPO PISTOLAS CALIBRE 9 MM, SUBAMETRALLADORAS CALIBRE 9 MM Y FUSILES CALIBRE 5.56 DE DIFERENTES MARCAS Y MODELOS PARA LA FISCALÍA GENERAL DE LA NACIÓN.”
A6: ÍTEM | B6: NECESIDAD | C6: UNIDAD DE MEDIDA | F6: CANTIDAD | K6: agosto 2024 FFGN-NC-IPSE-0020-2024 | L6: enero 2026 | N6: ANÁLISIS PROYECCIÓN COSTOS HISTÓRICOS (IPC / Índices - Serie de empalme)
H7: VALOR UNITARIO SIN IVA | K7: 1.4367 | L7: 1.5407 | N7: VALOR UNITARIO (excluido de IVA) | O7: IVA (excluido) | P7: VALOR UNITARIO (excluido de IVA) | Q7: VALOR TOTAL (excluido de IVA)
D8: PISTOLAS 9MM
A9: 1 | B9: Mantenimiento de Pistolas (Arma semiautomáticas), en todos sus componentes: Externos: Receptor o armazón Internos: Mecanismo de alimentación, Mecanismos de cierre, Mecanismos de disparo y percusión, Mecanismo de extracción, Mecanismos de seguridad. | C9:   FASE I. DESPIECE Y DESPLAQUE DE PISTOLAS 9MM (Según especificaciones de la Ficha Técnica) | D9: Despiece general del arma | E9: UNIDAD | F9: 1 | H9: 72000 | K9: =(L$7/K$7)*H9 -> 77211.944 | N9: =ROUND(K9,0) -> 77212 | O9: 0 | P9: =ROUND(N9+O9,0) -> 77212 | Q9: =ROUND(P9*F9,0) -> 77212
A10: 2 | D10: Revisión de piezas para constatar fisuras, fracturas o desgastes en el material | O10: 1 | P10: =ROUND(N10+O10,0) -> 1 | Q10: =ROUND(P10*F10,0) -> 0 | S10: https://www.dane.gov.co/index.php/estadisticas-por-tema/precios-y-costos/indice-de-precios-al-consumidor-ipc
C11: VALOR TOTAL DESPIECE Y DESPLAQUE DE PISTOLAS 9MM
A13: 1 | C13:  FASE II. REVISIÓN DE LOS MECANISMOS,CAMBIO DE REPUESTOS REQUERIDOS DE PISTOLAS 9MM (Según especificaciones de la Ficha Técnica) | D13: Desarme y arme general del arma | E13: UNIDAD | F13: 1 | H13: 643000 | K13: =(L$7/K$7)*H13 -> 689545.56 | N13: =ROUND(K13,2) -> 689545.56 | O13: 0 | P13: =ROUND(N13+O13,0) -> 689546 | Q13: =ROUND(P13*F13,0) -> 689546
A14: 2 | D14: Cambio de sistemas de tensión del disparador, sistema de percusión y mecanismos de disparo.
A15: 3 | D15: Desplaque superficial y desoxidación de los mecanismos internos y externos del arma
A16: 4 | D16: Limpieza del ánima del cañón.
A17: 5 | D17: Limpieza y lubricación general.
A18: 6 | D18: Recubrimiento de pintura cerámica de alta resistencia y adherencia color negro a los elementos externos.
A19: 7 | D19: Recubrimiento de pintura cerámica de alta resistencia y adherencia color negro al proveedor del arma.
A20: 8 | D20: Tratamiento superficial de pavonado a los elementos y mecanismos internos del arma (piezas móviles).
A21: 9 | D21: Cambio de pasadores
A22: 10 | D22: Cambio de los resortes
A23: 11 | D23: Cambio de los tornillos y arandelas de las cachas pistolas CZ.
A24: 12 | D24: Cambio de las cachas pistolas CZ. | E24: UNIDAD | F24: 1 | H24: 70516 | K24: =(L$7/K$7)*H24 -> 75620.52 | N24: =ROUND(K24,2) -> 75620.52
A25: 13 | D25: Cambio Varilla guía de polímero por varilla guía metálica para las pistolas CZ. | O25: 1 | P25: =ROUND(N24+O25,0) -> 75622 | Q25: =ROUND(P25*F25,0) -> 0
A26: 14 | D26: Reparación del punto y alza de Mira
C27: VALOR TOTAL REVISIÓN DE LOS MECANISMOS,CAMBIO DE REPUESTOS REQUERIDOS DE PISTOLAS 9MM
A29: 1 | C29: Cambio de repuestos de acuerdo al tipo de Pistola 9MM: (Según especificaciones de la Ficha Técnica) | D29: Resorte del fiador | E29: UNIDAD | F29: 1 | H29: 4915 | K29: =(L$7/K$7)*H29 -> 5270.7876 | N29: =ROUND(K29,2) -> 5270.79
A30: 2 | D30: Resorte recuperador. | E30: UNIDAD | F30: 1 | H30: 43806 | K30: =(L$7/K$7)*H30 -> 46977.034 | N30: =ROUND(K30,2) -> 46977.03
A31: 3 | D31: Resorte del disparador. | E31: UNIDAD | F31: 1 | H31: 5022 | K31: =(L$7/K$7)*H31 -> 5385.5331 | N31: =ROUND(K31,2) -> 5385.53
A32: 4 | D32: Resorte del percutor. | E32: UNIDAD | F32: 1 | H32: 4274 | K32: =(L$7/K$7)*H32 -> 4583.3868 | N32: =ROUND(K32,2) -> 4583.39
A33: 5 | D33: Resorte de los pestillos del seguro de la corredera | E33: UNIDAD | F33: 1 | H33: 3633 | K33: =(L$7/K$7)*H33 -> 3895.986 | N33: =ROUND(K33,2) -> 3895.99
A34: 6 | D34: Resorte de la barra del martillo. | E34: UNIDAD | F34: 1 | H34: 3633 | K34: =(L$7/K$7)*H34 -> 3895.986 | N34: =ROUND(K34,2) -> 3895.99
A35: 7 | D35: Resorte del retén de la corredera. | E35: UNIDAD | F35: 1 | H35: 3633 | K35: =(L$7/K$7)*H35 -> 3895.986 | N35: =ROUND(K35,2) -> 3895.99
A36: 8 | D36: Resorte del seguro bloqueador del percutor. | E36: UNIDAD | F36: 1 | H36: 2992 | K36: =(L$7/K$7)*H36 -> 3208.5852 | N36: =ROUND(K36,2) -> 3208.59
A37: 9 | D37: Resorte barra del disparador (extensor). | E37: UNIDAD | F37: 1 | H37: 3740 | K37: =(L$7/K$7)*H37 -> 4010.7315 | N37: =ROUND(K37,2) -> 4010.73
A38: 10 | D38: Resorte palanca de desarme. | E38: UNIDAD | F38: 1 | H38: 2564 | K38: =(L$7/K$7)*H38 -> 2749.6031 | N38: =ROUND(K38,2) -> 2749.6
A39: 11 | D39: Resorte de uña extractora | E39: UNIDAD | F39: 1 | H39: 2564 | K39: =(L$7/K$7)*H39 -> 2749.6031 | N39: =ROUND(K39,2) -> 2749.6
A40: 12 | D40: Cambio sistemas de tensión del disparador, sistema de percusión y mecanismos de disparo | E40: UNIDAD | F40: 1 | H40: 48080 | K40: =(L$7/K$7)*H40 -> 51560.42 | N40: =ROUND(K40,2) -> 51560.42
A41: 13 | D41: Cambio de pasadores. | E41: UNIDAD | F41: 1 | H41: 59832 | K41: =(L$7/K$7)*H41 -> 64163.125 | N41: =ROUND(K41,2) -> 64163.13
... A46: 18 | D46: Reparación del punto y alza de Mira | E46: UNIDAD | F46: 1 | H46: 63145 | K46: =(L$7/K$7)*H46 -> 67715.947 | N46: =ROUND(K46,2) -> 67715.95
C47: VALOR TOTAL CAMBIO DE REPUESTOS de acuerdo al tipo de Pistola 9MM
D50: SUB-AMETRALLADORAS CALIBRE 9MM
A51: ITEM | B51: REQUISITOS GENERALES | D51: ACTIVIDAD | E51: UNIDAD DE MEDIDA | F51: CANTIDAD
A53: 1 | B53: Mantenimiento de subametralladora (Arma automática y semiautomática), en todos sus componentes: Externos: Cañón, Receptor o armazón Internos: Mecanismo de alimentación, Mecanismos de cierre, Mecanismos de disparo y persecución, Mecanismo de extracción, Mecanismos de seguridad. | C53:  FASE I.  FASE I. DESPIECE Y DESPLAQUE DE SUB-AMETRALLADORAS CALIBRE 9MM (según especificaciones Ficha Técnica) | D53: Despiece general del arma | E53: UNIDAD | F53: 1 | H53: 75000 | K53: =(L$7/K$7)*H53 -> 80429.108 | N53: =ROUND(K53,0) -> 80429
A54: 2 | D54: Revisión de piezas para constatar fracturas en material.
C55: VALOR TOTAL DESPIECE Y DESPLAQUE DE SUB-AMETRALLADORAS CALIBRE 9MM
A57: 1 | C57:  FASE II. REVISIÓN DE LOS MECANISMOS Y CAMBIO DE REPUESTOS REQUERIDOS. DE SUBAMETRALLADORAS CALIBRE 9MM (según especificaciones Ficha Técnica) | D57: Desarme y arme general del arma. | E57: UNIDAD | F57: 1 | H57: 794913 | K57: =(L$7/K$7)*H57 -> 852455.25 | N57: =ROUND(K57,2) -> 852455.25
A58: 2 | D58: Revisión y cambio de sistemas de tensión del disparador, sistema de percusión y mecanismos de disparo.
A59: 3 | D59: Desplaque superficial y desoxidación de los mecanismos internos y externos del arma.
A60: 4 | D60: Limpieza del ánima del cañón.
A61: 5 | D61: Limpieza y lubricación general.
A62: 6 | D62: Aplicar revestimiento pintura cerámica de alta resistencia y adherencia color negro a los mecanismos externos.
A63: 7 | D63: Recubrimiento de pintura cerámica de alta resistencia y adherencia al proveedor del arma y reparación de los labios del proveedor.
A64: 8 | D64: Tratamiento superficial de pavonado a los elementos y mecanismos internos del arma (piezas móviles).
A65: 9 | D65: Cambio de los resortes
A66: 10 | D66: Cambio de los tornillos y arandelas de las cachas
A67: 11 | D67: Cambio de los tornillos de la cubierta de la empuñadura.
A68: 12 | D68: Reparación del tambor del alza de mira (subametralladora MP 5). | H68: 630477 | K68: =(L$7/K$7)*H68 -> 676116.04 | N68: =ROUND(K68,2) -> 676116.04
A69: 13 | D69: Cambio del punto de mira y del alza de mira (subametralladora MP 5).
A70: 14 | D70: Cambio del arco protector del poste de mira (subametralladora MP 5)
A71: 15 | D71: Cambio del guardamano de polímero por guardamano en aluminio con riel picatinny y empuñadura vertical en aluminio. (subametralladora MP 5)
A72: 16 | D72: Cambio de los anillos en teflón de la varilla guía y resorte recuperador (subametralladora MP5).
A73: 17 | D73: Reparación de las palancas de cargue y polímero (subametralladora MP5).
A74: 18 | D74: Reparación de proveedores subametralladora MP5
C75: VALOR TOTAL REVISIÓN DE LOS MECANISMOS Y CAMBIO DE REPUESTOS REQUERIDOS. DE SUBAMETRALLADORAS CALIBRE 9MM
A77: 1 | C77: Suministro y cambio de los repuestos de acuerdo al tipo de SubAmetralladora (según especificaciones Ficha Técnica) | D77: Resorte del fiador. | E77: UNIDAD | F77: 1 | H77: 6304 | K77: =(L$7/K$7)*H77 -> 6760.3347 | N77: =ROUND(K77,2) -> 6760.33
A78: 2 | D78: Resorte recuperador. | E78: UNIDAD | F78: 1 | H78: 18377 | K78: =(L$7/K$7)*H78 -> 19707.276 | N78: =ROUND(K78,2) -> 19707.28
A79: 3 | D79: Resorte del disparador. | E79: UNIDAD | F79: 1 | H79: 7586 | K79: =(L$7/K$7)*H79 -> 8135.1362 | N79: =ROUND(K79,2) -> 8135.14
A80: 4 | D80: Resorte del percutor. | E80: UNIDAD | F80: 1 | H80: 4915 | K80: =(L$7/K$7)*H80 -> 5270.7876 | N80: =ROUND(K80,2) -> 5270.79
A81: 5 | D81: Resorte del extractor. | E81: UNIDAD | F81: 1 | H81: 10898 | K81: =(L$7/K$7)*H81 -> 11686.886 | N81: =ROUND(K81,2) -> 11686.89
A82: 6 | D82: Resorte de la culata plegable. | E82: UNIDAD | F82: 1 | H82: 6090 | K82: =(L$7/K$7)*H82 -> 6530.8436 | N82: =ROUND(K82,2) -> 6530.84
A83: 7 | D83: Resorte del Culatín de la culata plegable. | E83: UNIDAD | F83: 1 | H83: 14424 | K83: =(L$7/K$7)*H83 -> 15468.126 | N83: =ROUND(K83,2) -> 15468.13
A84: 8 | D84: Resorte del retén del cargador. | E84: UNIDAD | F84: 1 | H84: 14531 | K84: =(L$7/K$7)*H84 -> 15582.872 | N84: =ROUND(K84,2) -> 15582.87
A85: 9 | D85: Resorte de la empuñadura de seguridad automática. | E85: UNIDAD | F85: 1 | H85: 17095 | K85: =(L$7/K$7)*H85 -> 18332.475 | N85: =ROUND(K85,2) -> 18332.47
A86: 10 | D86: Resorte de seguridad del disparador. | E86: UNIDAD | F86: 1 | H86: 11753 | K86: =(L$7/K$7)*H86 -> 12603.777 | N86: =ROUND(K86,2) -> 12603.78
A87: 11 | D87: Resorte de trinquete de la tuerca delantera | E87: UNIDAD | F87: 1 | H87: 8548 | K87: =(L$7/K$7)*H87 -> 9166.7736 | N87: =ROUND(K87,2) -> 9166.77
A88: 12 | D88: Resorte plano del cerrojo. | E88: UNIDAD | F88: 1 | H88: 6945 | K88: =(L$7/K$7)*H88 -> 7447.7354 | N88: =ROUND(K88,2) -> 7447.74
A89: 13 | D89: Resorte de la base de la mira. | E89: UNIDAD | F89: 1 | H89: 3740 | K89: =(L$7/K$7)*H89 -> 4010.7315 | N89: =ROUND(K89,2) -> 4010.73
... A105: 29 | D105: Cambio de los anillos en teflón de la varilla guía y resorte recuperador (subametralladora MP5). | E105: UNIDAD | F105: 1 | H105: 16240 | K105: =(L$7/K$7)*H105 -> 17415.583 | N105: =ROUND(K105,2) -> 17415.58
C106: VALOR TOTAL Suministro y cambio de los repuestos de acuerdo al tipo de SubAmetralladora
D108: FUSILES 5.56
A109: ITEM | B109: REQUISITOS GENERALES | C109: REQUISITOS ESPECÍFICOS | D109: ACTIVIDAD | E109: UNIDAD DE MEDIDA | F109: CANTIDAD
A112: 1 | B112: Mantenimiento de Fusil (Arma automática y armas automáticas), en todos sus componentes: Externos: Cañón, Receptor o armazón Internos: Mecanismo de alimentación, Mecanismos de cierre, Mecanismos de disparo y persecución, Mecanismo de extracción, Mecanismos de seguridad. | C112:  FASE I. DESPIECE Y DESPLAQUE DE FUSILES 5.56 (Según especificaciones de la Ficha Técnica) | D112: Despiece general del arma | E112: UNIDAD | F112: 1 | H112: 75000 | K112: =(L$7/K$7)*H112 -> 80429.108 | N112: =ROUND(K112,0) -> 80429
A113: 2 | D113: Revisión de piezas para constatar fracturas y fisuras en material
C114: VALOR TOTAL DESPIECE Y DESPLAQUE DE FUSILES 5.56
A116: 1 | C116:  FASE II. REVISIÓN DE LOS MECANISMOS Y CAMBIO DE REPUESTOS REQUERIDOS DE FUSILES 5.56 (Según especificaciones de la Ficha Técnica) | D116: Desarme y arme general del arma | E116: UNIDAD | F116: 1 | H116: 966681 | K116: =(L$7/K$7)*H116 -> 1036657.2 | N116: =ROUND(K116,2) -> 1036657.2
A117: 2 | D117: Cambio de sistemas de tensión del disparador, sistema de percusión y mecanismos de disparo.
A118: 3 | D118: Limpieza del ánima del cañón y tubo de gases
A119: 4 | D119: Limpieza y lubricación general.
A120: 5 | D120: Desplaque superficial y desoxidación de los mecanismos internos y externos del arma.
A121: 6 | D121: Recubrimiento de pintura cerámica de alta resistencia y adherencia color Negro a los elementos externos del arma.
A122: 7 | D122: Recubrimiento de pintura cerámica de alta resistencia y adherencia color negro al proveedor del arma.
A123: 8 | D123: Tratamiento superficial de pavonado a los elementos y mecanismos internos del arma (piezas móviles).
A124: 9 | D124: Cambio de pasadores en mal estado.
A125: 10 | D125: Cambio de muelles (resortes).
A126: 11 | D126: Reparación del punto y alza de Mira o cambio si presenta deformación
C127: VALOR TOTAL REVISIÓN DE LOS MECANISMOS Y CAMBIO DE REPUESTOS REQUERIDOS DE FUSILES 5.56
A129: 1 | C129: CAMBIO DE REPUESTOS de acuerdo al tipo de Fusil (Según especificaciones de la Ficha Técnica) | D129: Resorte recuperador. | E129: UNIDAD | F129: 1 | H129: 20835 | K129: =(L$7/K$7)*H129 -> 22343.206 | N129: =ROUND(K129,2) -> 22343.21
A130: 2 | D130: Resorte del pestillo del seguro del bloqueador | E130: UNIDAD | F130: 1 | H130: 6090 | K130: =(L$7/K$7)*H130 -> 6530.8436 | N130: =ROUND(K130,2) -> 6530.84
A131: 3 | D131: Resorte del des conector. | E131: UNIDAD | F131: 1 | H131: 4915 | K131: =(L$7/K$7)*H131 -> 5270.7876 | N131: =ROUND(K131,2) -> 5270.79
A132: 4 | D132: Resorte del disparador. | E132: UNIDAD | F132: 1 | H132: 14638 | K132: =(L$7/K$7)*H132 -> 15697.617 | N132: =ROUND(K132,2) -> 15697.62
A133: 5 | D133: Resorte de la empuñadura. | E133: UNIDAD | F133: 1 | H133: 3740 | K133: =(L$7/K$7)*H133 -> 4010.7315 | N133: =ROUND(K133,2) -> 4010.73
...

Sheet ANEXO 3 hist vs cotizaaciones
B2: ANEXO 2: ESTUDIO DE MERCADO DEFINITIVO
G3: “PRESTAR EL SERVICIO DE MANTENIMIENTO CORRECTIVO CON SUMINISTRO DE REPUESTOS PARA ARMAS DE FUEGO TIPO PISTOLAS CALIBRE 9 MM, SUBAMETRALLADORAS CALIBRE 9 MM Y FUSILES CALIBRE 5.56 DE DIFERENTES MARCAS Y MODELOS PARA LA FISCALÍA GENERAL DE LA NACIÓN.”
I4: VALOR COTIZACIONES | N4: ANÁLISIS PROYECCIÓN COSTOS HISTÓRICOS (IPC / Índices - Serie de empalme) | S4: PRESUPUESTO TOTAL ASIGNADO AL PROCESO
B5: ÍTEM | C5: DESCRIPCIÓN DEL BIEN O SERVICIO | D5: UNIDAD DE MEDIDA | G5: CANTIDAD | I5: VALOR UNITARIO (excluido de IVA) | J5: IVA (excluido) | K5: VALOR UNITARIO (CON IVA) | L5: VALOR TOTAL (CON IVA) | N5: VALOR UNITARIO (excluido de IVA) | O5: IVA (excluido) | P5: VALOR UNITARIO (CON IVA) | Q5: VALOR TOTAL (CON IVA) | S5: VALOR UNITARIO (excluido de IVA) | T5: IVA (excluido) | U5: VALOR UNITARIO (CON IVA) | V5: VALOR TOTAL (CON IVA)
C6: PISTOLAS 9MM
B7: 1 | C7: Mantenimiento de Pistolas (Arma semiautomáticas), en todos sus componentes: Externos: Receptor o armazón Internos: Mecanismo de alimentación, Mecanismos de cierre, Mecanismos de disparo y percusión, Mecanismo de extracción, Mecanismos de seguridad. | D7:   FASE I. DESPIECE Y DESPLAQUE DE PISTOLAS 9MM (Según especificaciones de la Ficha Técnica) | E7: Despiece general del arma | F7: UNIDAD | G7: 1 | I7: ='ANEXO 1'!AC8 -> 75000 | J7: =ROUND(I7*19%,2) -> 14250 | K7: =ROUND(I7+J7,2) -> 89250 | L7: =ROUND(K7*G7,2) -> 89250 | N7: ='ANEXO 2 HISTORICOS'!N9 -> 77212 | O7: =ROUND(N7*19%,2) -> 14670.28 | P7: =ROUND(N7+O7,2) -> 91882.28 | Q7: =ROUND(P7*G7,2) -> 91882.28 | S7: =ROUND(AVERAGE(I7),2) -> 75000 | T7: =ROUND(S7*19%,2) -> 14250 | U7: =ROUND(S7+T7,2) -> 89250 | V7: =ROUND(U7*G7,2) -> 89250
B8: 2 | E8: Revisión de piezas para constatar fisuras, fracturas o desgastes en el material | N8: ='[1]ANEXO 2'!L10 -> 0
D9: VALOR TOTAL DESPIECE Y DESPLAQUE DE PISTOLAS 9MM
B11: 1 | D11:  FASE II. REVISIÓN DE LOS MECANISMOS,CAMBIO DE REPUESTOS REQUERIDOS DE PISTOLAS 9MM (Según especificaciones de la Ficha Técnica) | E11: Desarme y arme general del arma | F11: UNIDAD | G11: 1 | I11: ='ANEXO 1'!AC12 -> 730000 | J11: =ROUND(I11*19%,2) -> 138700 | K11: =ROUND(I11+J11,2) -> 868700 | L11: =ROUND(K11*G11,2) -> 868700 | N11: ='ANEXO 2 HISTORICOS'!N13 -> 689545.56 | O11: =ROUND(N11*19%,2) -> 131013.66 | P11: =ROUND(N11+O11,2) -> 820559.22 | Q11: =ROUND(P11*G11,2) -> 820559.22 | S11: =ROUND(AVERAGE(I11,N11),2) -> 709772.78 | T11: =ROUND(S11*19%,2) -> 134856.83 | U11: =ROUND(S11+T11,2) -> 844629.61 | V11: =ROUND(U11*G11,2) -> 844629.61
B12: 2 | E12: Cambio de sistemas de tensión del disparador, sistema de percusión y mecanismos de disparo.
B13: 3 | E13: Desplaque superficial y desoxidación de los mecanismos internos y externos del arma
B14: 4 | E14: Limpieza del ánima del cañón.
B15: 5 | E15: Limpieza y lubricación general.
B16: 6 | E16: Recubrimiento de pintura cerámica de alta resistencia y adherencia color negro a los elementos externos.
B17: 7 | E17: Recubrimiento de pintura cerámica de alta resistencia y adherencia color negro al proveedor del arma.
B18: 8 | E18: Tratamiento superficial de pavonado a los elementos y mecanismos internos del arma (piezas móviles).
B19: 9 | E19: Cambio de pasadores
B20: 10 | E20: Cambio de los resortes
B21: 11 | E21: Cambio de los tornillos y arandelas de las cachas pistolas CZ.
B22: 12 | E22: Cambio de las cachas pistolas CZ. | F22: UNIDAD | G22: 1 | I22: ='ANEXO 1'!AC23 -> 130000 | J22: =ROUND(I22*19%,2) -> 24700 | K22: =ROUND(I22+J22,2) -> 154700 | L22: =ROUND(K22*G22,2) -> 154700 | N22: ='ANEXO 2 HISTORICOS'!N24 -> 75620.52 | O22: =ROUND(N22*19%,2) -> 14367.9 | P22: =ROUND(N22+O22,2) -> 89988.42 | Q22: =ROUND(P22*G22,2) -> 89988.42 | S22: =ROUND(AVERAGE(I22,N22),2) -> 102810.26 | T22: =ROUND(S22*19%,2) -> 19533.95 | U22: =ROUND(S22+T22,2) -> 122344.21 | V22: =ROUND(U22*G22,2) -> 122344.21
B23: 13 | E23: Cambio Varilla guía de polímero por varilla guía metálica para las pistolas CZ.
B24: 14 | E24: Reparación del punto y alza de Mira
D25: VALOR TOTAL REVISIÓN DE LOS MECANISMOS,CAMBIO DE REPUESTOS REQUERIDOS DE PISTOLAS 9MM
B27: 1 | D27: Cambio de repuestos de acuerdo al tipo de Pistola 9MM: (Según especificaciones de la Ficha Técnica) | E27: Resorte del fiador | F27: UNIDAD | G27: 1 | I27: ='ANEXO 1'!AC28 -> 7750 | J27: =ROUND(I27*19%,2) -> 1472.5 | K27: =ROUND(I27+J27,2) -> 9222.5 | L27: =ROUND(K27*G27,2) -> 9222.5 | N27: ='ANEXO 2 HISTORICOS'!N29 -> 5270.79 | O27: =ROUND(N27*19%,2) -> 1001.45 | P27: =ROUND(N27+O27,2) -> 6272.24 | Q27: =ROUND(P27*G27,2) -> 6272.24 | S27: =ROUND(AVERAGE(I27,N27),2) -> 6510.4 | T27: =ROUND(S27*19%,2) -> 1236.98 | U27: =ROUND(S27+T27,2) -> 7747.38 | V27: =ROUND(U27*G27,2) -> 7747.38
B28: 2 | E28: Resorte recuperador. | F28: UNIDAD | G28: 1 | I28: ='ANEXO 1'!AC29 -> 54100 | J28: =ROUND(I28*19%,2) -> 10279 | K28: =ROUND(I28+J28,2) -> 64379 | L28: =ROUND(K28*G28,2) -> 64379 | N28: ='ANEXO 2 HISTORICOS'!N30 -> 46977.03 | O28: =ROUND(N28*19%,2) -> 8925.64 | P28: =ROUND(N28+O28,2) -> 55902.67 | Q28: =ROUND(P28*G28,2) -> 55902.67 | S28: =ROUND(AVERAGE(I28,N28),2) -> 50538.52 | T28: =ROUND(S28*19%,2) -> 9602.32 | U28: =ROUND(S28+T28,2) -> 60140.84 | V28: =ROUND(U28*G28,2) -> 60140.84
B29: 3 | E29: Resorte del disparador. | F29: UNIDAD | G29: 1 | I29: ='ANEXO 1'!AC30 -> 7750 | J29: =ROUND(I29*19%,2) -> 1472.5 | K29: =ROUND(I29+J29,2) -> 9222.5 | L29: =ROUND(K29*G29,2) -> 9222.5 | N29: ='ANEXO 2 HISTORICOS'!N31 -> 5385.53 | O29: =ROUND(N29*19%,2) -> 1023.25 | P29: =ROUND(N29+O29,2) -> 6408.78 | Q29: =ROUND(P29*G29,2) -> 6408.78 | S29: =ROUND(AVERAGE(I29,N29),2) -> 6567.77 | T29: =ROUND(S29*19%,2) -> 1247.88 | U29: =ROUND(S29+T29,2) -> 7815.65 | V29: =ROUND(U29*G29,2) -> 7815.65
B30: 4 | E30: Resorte del percutor. | F30: UNIDAD | G30: 1 | I30: ='ANEXO 1'!AC31 -> 7500 | J30: =ROUND(I30*19%,2) -> 1425 | K30: =ROUND(I30+J30,2) -> 8925 | L30: =ROUND(K30*G30,2) -> 8925 | N30: ='ANEXO 2 HISTORICOS'!N32 -> 4583.39 | O30: =ROUND(N30*19%,2) -> 870.84 | P30: =ROUND(N30+O30,2) -> 5454.23 | Q30: =ROUND(P30*G30,2) -> 5454.23 | S30: =ROUND(AVERAGE(I30,N30),2) -> 6041.7 | T30: =ROUND(S30*19%,2) -> 1147.92 | U30: =ROUND(S30+T30,2) -> 7189.62 | V30: =ROUND(U30*G30,2) -> 7189.62
B31: 5 | E31: Resorte de los pestillos del seguro de la corredera | F31: UNIDAD | G31: 1 | I31: ='ANEXO 1'!AC32 -> 7000 | J31: =ROUND(I31*19%,2) -> 1330 | K31: =ROUND(I31+J31,2) -> 8330 | L31: =ROUND(K31*G31,2) -> 8330 | N31: ='ANEXO 2 HISTORICOS'!N33 -> 3895.99 | O31: =ROUND(N31*19%,2) -> 740.24 | P31: =ROUND(N31+O31,2) -> 4636.23 | Q31: =ROUND(P31*G31,2) -> 4636.23 | S31: =ROUND(AVERAGE(I31,N31),2) -> 5448 | T31: =ROUND(S31*19%,2) -> 1035.12 | U31: =ROUND(S31+T31,2) -> 6483.12 | V31: =ROUND(U31*G31,2) -> 6483.12
B32: 6 | E32: Resorte de la barra del martillo. | F32: UNIDAD | G32: 1 | I32: ='ANEXO 1'!AC33 -> 9500 | J32: =ROUND(I32*19%,2) -> 1805 | K32: =ROUND(I32+J32,2) -> 11305 | L32: =ROUND(K32*G32,2) -> 11305 | N32: ='ANEXO 2 HISTORICOS'!N34 -> 3895.99 | O32: =ROUND(N32*19%,2) -> 740.24 | P32: =ROUND(N32+O32,2) -> 4636.23 | Q32: =ROUND(P32*G32,2) -> 4636.23 | S32: =ROUND(AVERAGE(I32,N32),2) -> 6698 | T32: =ROUND(S32*19%,2) -> 1272.62 | U32: =ROUND(S32+T32,2) -> 7970.62 | V32: =ROUND(U32*G32,2) -> 7970.62
B33: 7 | E33: Resorte del retén de la corredera. | F33: UNIDAD | G33: 1 | I33: ='ANEXO 1'!AC34 -> 7000 | J33: =ROUND(I33*19%,2) -> 1330 | K33: =ROUND(I33+J33,2) -> 8330 | L33: =ROUND(K33*G33,2) -> 8330 | N33: ='ANEXO 2 HISTORICOS'!N35 -> 3895.99 | O33: =ROUND(N33*19%,2) -> 740.24 | P33: =ROUND(N33+O33,2) -> 4636.23 | Q33: =ROUND(P33*G33,2) -> 4636.23 | S33: =ROUND(AVERAGE(I33,N33),2) -> 5448 | T33: =ROUND(S33*19%,2) -> 1035.12 | U33: =ROUND(S33+T33,2) -> 6483.12 | V33: =ROUND(U33*G33,2) -> 6483.12
B34: 8 | E34: Resorte del seguro bloqueador del percutor. | F34: UNIDAD | G34: 1 | I34: ='ANEXO 1'!AC35 -> 6600 | J34: =ROUND(I34*19%,2) -> 1254 | K34: =ROUND(I34+J34,2) -> 7854 | L34: =ROUND(K34*G34,2) -> 7854 | N34: ='ANEXO 2 HISTORICOS'!N36 -> 3208.59 | O34: =ROUND(N34*19%,2) -> 609.63 | P34: =ROUND(N34+O34,2) -> 3818.22 | Q34: =ROUND(P34*G34,2) -> 3818.22 | S34: =ROUND(AVERAGE(I34,N34),2) -> 4904.3 | T34: =ROUND(S34*19%,2) -> 931.82 | U34: =ROUND(S34+T34,2) -> 5836.12 | V34: =ROUND(U34*G34,2) -> 5836.12
B35: 9 | E35: Resorte barra del disparador (extensor). | F35: UNIDAD | G35: 1 | I35: ='ANEXO 1'!AC36 -> 7050 | J35: =ROUND(I35*19%,2) -> 1339.5 | K35: =ROUND(I35+J35,2) -> 8389.5 | L35: =ROUND(K35*G35,2) -> 8389.5 | N35: ='ANEXO 2 HISTORICOS'!N37 -> 4010.73 | O35: =ROUND(N35*19%,2) -> 762.04 | P35: =ROUND(N35+O35,2) -> 4772.77 | Q35: =ROUND(P35*G35,2) -> 4772.77 | S35: =ROUND(AVERAGE(I35,N35),2) -> 5530.37 | T35: =ROUND(S35*19%,2) -> 1050.77 | U35: =ROUND(S35+T35,2) -> 6581.14 | V35: =ROUND(U35*G35,2) -> 6581.14
B36: 10 | E36: Resorte palanca de desarme. | F36: UNIDAD | G36: 1 | I36: ='ANEXO 1'!AC37 -> 6400 | J36: =ROUND(I36*19%,2) -> 1216 | K36: =ROUND(I36+J36,2) -> 7616 | L36: =ROUND(K36*G36,2) -> 7616 | N36: ='ANEXO 2 HISTORICOS'!N38 -> 2749.6 | O36: =ROUND(N36*19%,2) -> 522.42 | P36: =ROUND(N36+O36,2) -> 3272.02 | Q36: =ROUND(P36*G36,2) -> 3272.02 | S36: =ROUND(AVERAGE(I36,N36),2) -> 4574.8 | T36: =ROUND(S36*19%,2) -> 869.21 | U36: =ROUND(S36+T36,2) -> 5444.01 | V36: =ROUND(U36*G36,2) -> 5444.01
B37: 11 | E37: Resorte de uña extractora | F37: UNIDAD | G37: 1 | I37: ='ANEXO 1'!AC38 -> 6400 | J37: =ROUND(I37*19%,2) -> 1216 | K37: =ROUND(I37+J37,2) -> 7616 | L37: =ROUND(K37*G37,2) -> 7616 | N37: ='ANEXO 2 HISTORICOS'!N39 -> 2749.6 | O37: =ROUND(N37*19%,2) -> 522.42 | P37: =ROUND(N37+O37,2) -> 3272.02 | Q37: =ROUND(P37*G37,2) -> 3272.02 | S37: =ROUND(AVERAGE(I37,N37),2) -> 4574.8 | T37: =ROUND(S37*19%,2) -> 869.21 | U37: =ROUND(S37+T37,2) -> 5444.01 | V37: =ROUND(U37*G37,2) -> 5444.01
B38: 12 | E38: Cambio sistemas de tensión del disparador, sistema de percusión y mecanismos de disparo | F38: UNIDAD | G38: 1 | I38: ='ANEXO 1'!AC39 -> 66400 | J38: =ROUND(I38*19%,2) -> 12616 | K38: =ROUND(I38+J38,2) -> 79016 | L38: =ROUND(K38*G38,2) -> 79016 | N38: ='ANEXO 2 HISTORICOS'!N40 -> 51560.42 | O38: =ROUND(N38*19%,2) -> 9796.48 | P38: =ROUND(N38+O38,2) -> 61356.9 | Q38: =ROUND(P38*G38,2) -> 61356.9 | S38: =ROUND(AVERAGE(I38,N38),2) -> 58980.21 | T38: =ROUND(S38*19%,2) -> 11206.24 | U38: =ROUND(S38+T38,2) -> 70186.45 | V38: =ROUND(U38*G38,2) -> 70186.45
B39: 13 | E39: Cambio de pasadores. | F39: UNIDAD | G39: 1 | I39: ='ANEXO 1'!AC40 -> 70500 | J39: =ROUND(I39*19%,2) -> 13395 | K39: =ROUND(I39+J39,2) -> 83895 | L39: =ROUND(K39*G39,2) -> 83895 | N39: ='ANEXO 2 HISTORICOS'!N41 -> 64163.13 | O39: =ROUND(N39*19%,2) -> 12190.99 | P39: =ROUND(N39+O39,2) -> 76354.12 | Q39: =ROUND(P39*G39,2) -> 76354.12 | S39: =ROUND(AVERAGE(I39,N39),2) -> 67331.57 | T39: =ROUND(S39*19%,2) -> 12793 | U39: =ROUND(S39+T39,2) -> 80124.57 | V39: =ROUND(U39*G39,2) -> 80124.57
... B44: 18 | E44: Reparación del punto y alza de Mira | F44: UNIDAD | G44: 1 | I44: ='ANEXO 1'!AC45 -> 76550 | J44: =ROUND(I44*19%,2) -> 14544.5 | K44: =ROUND(I44+J44,2) -> 91094.5 | L44: =ROUND(K44*G44,2) -> 91094.5 | N44: ='ANEXO 2 HISTORICOS'!N46 -> 67715.95 | O44: =ROUND(N44*19%,2) -> 12866.03 | P44: =ROUND(N44+O44,2) -> 80581.98 | Q44: =ROUND(P44*G44,2) -> 80581.98 | S44: =ROUND(AVERAGE(I44,N44),2) -> 72132.98 | T44: =ROUND(S44*19%,2) -> 13705.27 | U44: =ROUND(S44+T44,2) -> 85838.25 | V44: =ROUND(U44*G44,2) -> 85838.25
D45: VALOR TOTAL CAMBIO DE REPUESTOS de acuerdo al tipo de Pistola 9MM
B48: SUB-AMETRALLADORAS CALIBRE 9MM
B49: ITEM | C49: REQUISITOS GENERALES | E49: ACTIVIDAD | F49: UNIDAD DE MEDIDA | G49: CANTIDAD
B51: 1 | C51: Mantenimiento de subametralladora (Arma automática y semiautomática), en todos sus componentes: Externos: Cañón, Receptor o armazón Internos: Mecanismo de alimentación, Mecanismos de cierre, Mecanismos de disparo y persecución, Mecanismo de extracción, Mecanismos de seguridad. | D51:  FASE I.  FASE I. DESPIECE Y DESPLAQUE DE SUB-AMETRALLADORAS CALIBRE 9MM (según especificaciones Ficha Técnica) | E51: Despiece general del arma | F51: UNIDAD | G51: 1 | I51: ='ANEXO 1'!AC52 -> 76250 | J51: =ROUND(I51*19%,2) -> 14487.5 | K51: =ROUND(I51+J51,2) -> 90737.5 | L51: =ROUND(K51*G51,2) -> 90737.5 | N51: ='ANEXO 2 HISTORICOS'!N53 -> 80429 | O51: =ROUND(N51*19%,2) -> 15281.51 | P51: =ROUND(N51+O51,2) -> 95710.51 | Q51: =ROUND(P51*G51,2) -> 95710.51 | S51: =ROUND(AVERAGE(I51),2) -> 76250 | T51: =ROUND(S51*19%,2) -> 14487.5 | U51: =ROUND(S51+T51,2) -> 90737.5 | V51: =ROUND(U51*G51,2) -> 90737.5
B52: 2 | E52: Revisión de piezas para constatar fracturas en material. | N52: ='[1]ANEXO 2'!L54 -> 0
D53: VALOR TOTAL DESPIECE Y DESPLAQUE DE SUB-AMETRALLADORAS CALIBRE 9MM
B55: 1 | D55:  FASE II. REVISIÓN DE LOS MECANISMOS Y CAMBIO DE REPUESTOS REQUERIDOS. DE SUBAMETRALLADORAS CALIBRE 9MM (según especificaciones Ficha Técnica) | E55: Desarme y arme general del arma. | F55: UNIDAD | G55: 1 | I55: ='ANEXO 1'!AC56 -> 955000 | J55: =ROUND(I55*19%,2) -> 181450 | K55: =ROUND(I55+J55,2) -> 1136450 | L55: =ROUND(K55*G55,2) -> 1136450 | N55: ='ANEXO 2 HISTORICOS'!N57 -> 852455.25 | O55: =ROUND(N55*19%,2) -> 161966.5 | P55: =ROUND(N55+O55,2) -> 1014421.8 | Q55: =ROUND(P55*G55,2) -> 1014421.8 | S55: =ROUND(AVERAGE(I55,N55),2) -> 903727.63 | T55: =ROUND(S55*19%,2) -> 171708.25 | U55: =ROUND(S55+T55,2) -> 1075435.9 | V55: =ROUND(U55*G55,2) -> 1075435.9
B56: 2 | E56: Revisión y cambio de sistemas de tensión del disparador, sistema de percusión y mecanismos de disparo.
B57: 3 | E57: Desplaque superficial y desoxidación de los mecanismos internos y externos del arma.
B58: 4 | E58: Limpieza del ánima del cañón.
B59: 5 | E59: Limpieza y lubricación general.
B60: 6 | E60: Aplicar revestimiento pintura cerámica de alta resistencia y adherencia color negro a los mecanismos externos.
B61: 7 | E61: Recubrimiento de pintura cerámica de alta resistencia y adherencia al proveedor del arma y reparación de los labios del proveedor.
B62: 8 | E62: Tratamiento superficial de pavonado a los elementos y mecanismos internos del arma (piezas móviles).
B63: 9 | E63: Cambio de los resortes
B64: 10 | E64: Cambio de los tornillos y arandelas de las cachas
B65: 11 | E65: Cambio de los tornillos de la cubierta de la empuñadura.
B66: 12 | E66: Reparación del tambor del alza de mira (subametralladora MP 5). | I66: ='ANEXO 1'!AC67 -> 781500 | J66: =ROUND(I66*19%,2) -> 148485 | K66: =ROUND(I66+J66,2) -> 929985 | L66: =ROUND(K66*G66,2) -> 0 | N66: ='ANEXO 2 HISTORICOS'!N68 -> 676116.04 | O66: =ROUND(N66*19%,2) -> 128462.05 | P66: =ROUND(N66+O66,2) -> 804578.09 | Q66: =ROUND(P66*G66,2) -> 0 | S66: =ROUND(AVERAGE(I66,N66),2) -> 728808.02 | T66: =ROUND(S66*19%,2) -> 138473.52 | U66: =ROUND(S66+T66,2) -> 867281.54 | V66: =ROUND(U66*G55,2) -> 867281.54
B67: 13 | E67: Cambio del punto de mira y del alza de mira (subametralladora MP 5).
B68: 14 | E68: Cambio del arco protector del poste de mira (subametralladora MP 5)
B69: 15 | E69: Cambio del guardamano de polímero por guardamano en aluminio con riel picatinny y empuñadura vertical en aluminio. (subametralladora MP 5)
B70: 16 | E70: Cambio de los anillos en teflón de la varilla guía y resorte recuperador (subametralladora MP5).
B71: 17 | E71: Reparación de las palancas de cargue y polímero (subametralladora MP5).
B72: 18 | E72: Reparación de proveedores subametralladora MP5
D73: VALOR TOTAL REVISIÓN DE LOS MECANISMOS Y CAMBIO DE REPUESTOS REQUERIDOS. DE SUBAMETRALLADORAS CALIBRE 9MM
B75: 1 | D75: Suministro y cambio de los repuestos de acuerdo al tipo de SubAmetralladora (según especificaciones Ficha Técnica) | E75: Resorte del fiador. | F75: UNIDAD | G75: 1 | I75: ='ANEXO 1'!AC76 -> 8500 | J75: =ROUND(I75*19%,2) -> 1615 | K75: =ROUND(I75+J75,2) -> 10115 | L75: =ROUND(K75*G75,2) -> 10115 | N75: ='ANEXO 2 HISTORICOS'!N77 -> 6760.33 | O75: =ROUND(N75*19%,2) -> 1284.46 | P75: =ROUND(N75+O75,2) -> 8044.79 | Q75: =ROUND(P75*G75,2) -> 8044.79 | S75: =ROUND(AVERAGE(I75,N75),2) -> 7630.17 | T75: =ROUND(S75*19%,2) -> 1449.73 | U75: =ROUND(S75+T75,2) -> 9079.9 | V75: =ROUND(U75*G75,2) -> 9079.9
B76: 2 | E76: Resorte recuperador. | F76: UNIDAD | G76: 1 | I76: ='ANEXO 1'!AC77 -> 22750 | J76: =ROUND(I76*19%,2) -> 4322.5 | K76: =ROUND(I76+J76,2) -> 27072.5 | L76: =ROUND(K76*G76,2) -> 27072.5 | N76: ='ANEXO 2 HISTORICOS'!N78 -> 19707.28 | O76: =ROUND(N76*19%,2) -> 3744.38 | P76: =ROUND(N76+O76,2) -> 23451.66 | Q76: =ROUND(P76*G76,2) -> 23451.66 | S76: =ROUND(AVERAGE(I76),2) -> 22750 | T76: =ROUND(S76*19%,2) -> 4322.5 | U76: =ROUND(S76+T76,2) -> 27072.5 | V76: =ROUND(U76*G76,2) -> 27072.5
B77: 3 | E77: Resorte del disparador. | F77: UNIDAD | G77: 1 | I77: ='ANEXO 1'!AC78 -> 9250 | J77: =ROUND(I77*19%,2) -> 1757.5 | K77: =ROUND(I77+J77,2) -> 11007.5 | L77: =ROUND(K77*G77,2) -> 11007.5 | N77: ='ANEXO 2 HISTORICOS'!N79 -> 8135.14 | O77: =ROUND(N77*19%,2) -> 1545.68 | P77: =ROUND(N77+O77,2) -> 9680.82 | Q77: =ROUND(P77*G77,2) -> 9680.82 | S77: =ROUND(AVERAGE(I77),2) -> 9250 | T77: =ROUND(S77*19%,2) -> 1757.5 | U77: =ROUND(S77+T77,2) -> 11007.5 | V77: =ROUND(U77*G77,2) -> 11007.5
B78: 4 | E78: Resorte del percutor. | F78: UNIDAD | G78: 1 | I78: ='ANEXO 1'!AC79 -> 7750 | J78: =ROUND(I78*19%,2) -> 1472.5 | K78: =ROUND(I78+J78,2) -> 9222.5 | L78: =ROUND(K78*G78,2) -> 9222.5 | N78: ='ANEXO 2 HISTORICOS'!N80 -> 5270.79 | O78: =ROUND(N78*19%,2) -> 1001.45 | P78: =ROUND(N78+O78,2) -> 6272.24 | Q78: =ROUND(P78*G78,2) -> 6272.24 | S78: =ROUND(AVERAGE(I78,N78),2) -> 6510.4 | T78: =ROUND(S78*19%,2) -> 1236.98 | U78: =ROUND(S78+T78,2) -> 7747.38 | V78: =ROUND(U78*G78,2) -> 7747.38
B79: 5 | E79: Resorte del extractor. | F79: UNIDAD | G79: 1 | I79: ='ANEXO 1'!AC80 -> 11000 | J79: =ROUND(I79*19%,2) -> 2090 | K79: =ROUND(I79+J79,2) -> 13090 | L79: =ROUND(K79*G79,2) -> 13090 | N79: ='ANEXO 2 HISTORICOS'!N81 -> 11686.89 | O79: =ROUND(N79*19%,2) -> 2220.51 | P79: =ROUND(N79+O79,2) -> 13907.4 | Q79: =ROUND(P79*G79,2) -> 13907.4 | S79: =ROUND(AVERAGE(I79),2) -> 11000 | T79: =ROUND(S79*19%,2) -> 2090 | U79: =ROUND(S79+T79,2) -> 13090 | V79: =ROUND(U79*G79,2) -> 13090
B80: 6 | E80: Resorte de la culata plegable. | F80: UNIDAD | G80: 1 | I80: ='ANEXO 1'!AC81 -> 8300 | J80: =ROUND(I80*19%,2) -> 1577 | K80: =ROUND(I80+J80,2) -> 9877 | L80: =ROUND(K80*G80,2) -> 9877 | N80: ='ANEXO 2 HISTORICOS'!N82 -> 6530.84 | O80: =ROUND(N80*19%,2) -> 1240.86 | P80: =ROUND(N80+O80,2) -> 7771.7 | Q80: =ROUND(P80*G80,2) -> 7771.7 | S80: =ROUND(AVERAGE(I80,N80),2) -> 7415.42 | T80: =ROUND(S80*19%,2) -> 1408.93 | U80: =ROUND(S80+T80,2) -> 8824.35 | V80: =ROUND(U80*G80,2) -> 8824.35
B81: 7 | E81: Resorte del Culatín de la culata plegable. | F81: UNIDAD | G81: 1 | I81: ='ANEXO 1'!AC82 -> 13000 | J81: =ROUND(I81*19%,2) -> 2470 | K81: =ROUND(I81+J81,2) -> 15470 | L81: =ROUND(K81*G81,2) -> 15470 | N81: ='ANEXO 2 HISTORICOS'!N83 -> 15468.13 | O81: =ROUND(N81*19%,2) -> 2938.94 | P81: =ROUND(N81+O81,2) -> 18407.07 | Q81: =ROUND(P81*G81,2) -> 18407.07 | S81: =ROUND(AVERAGE(I81),2) -> 13000 | T81: =ROUND(S81*19%,2) -> 2470 | U81: =ROUND(S81+T81,2) -> 15470 | V81: =ROUND(U81*G81,2) -> 15470
B82: 8 | E82: Resorte del retén del cargador. | F82: UNIDAD | G82: 1 | I82: ='ANEXO 1'!AC83 -> 13000 | J82: =ROUND(I82*19%,2) -> 2470 | K82: =ROUND(I82+J82,2) -> 15470 | L82: =ROUND(K82*G82,2) -> 15470 | N82: ='ANEXO 2 HISTORICOS'!N84 -> 15582.87 | O82: =ROUND(N82*19%,2) -> 2960.75 | P82: =ROUND(N82+O82,2) -> 18543.62 | Q82: =ROUND(P82*G82,2) -> 18543.62 | S82: =ROUND(AVERAGE(I82),2) -> 13000 | T82: =ROUND(S82*19%,2) -> 2470 | U82: =ROUND(S82+T82,2) -> 15470 | V82: =ROUND(U82*G82,2) -> 15470
B83: 9 | E83: Resorte de la empuñadura de seguridad automática. | F83: UNIDAD | G83: 1 | I83: ='ANEXO 1'!AC84 -> 14500 | J83: =ROUND(I83*19%,2) -> 2755 | K83: =ROUND(I83+J83,2) -> 17255 | L83: =ROUND(K83*G83,2) -> 17255 | N83: ='ANEXO 2 HISTORICOS'!N85 -> 18332.47 | O83: =ROUND(N83*19%,2) -> 3483.17 | P83: =ROUND(N83+O83,2) -> 21815.64 | Q83: =ROUND(P83*G83,2) -> 21815.64 | S83: =ROUND(AVERAGE(I83),2) -> 14500 | T83: =ROUND(S83*19%,2) -> 2755 | U83: =ROUND(S83+T83,2) -> 17255 | V83: =ROUND(U83*G83,2) -> 17255
B84: 10 | E84: Resorte de seguridad del disparador. | F84: UNIDAD | G84: 1 | I84: ='ANEXO 1'!AC85 -> 11450 | J84: =ROUND(I84*19%,2) -> 2175.5 | K84: =ROUND(I84+J84,2) -> 13625.5 | L84: =ROUND(K84*G84,2) -> 13625.5 | N84: ='ANEXO 2 HISTORICOS'!N86 -> 12603.78 | O84: =ROUND(N84*19%,2) -> 2394.72 | P84: =ROUND(N84+O84,2) -> 14998.5 | Q84: =ROUND(P84*G84,2) -> 14998.5 | S84: =ROUND(AVERAGE(I84),2) -> 11450 | T84: =ROUND(S84*19%,2) -> 2175.5 | U84: =ROUND(S84+T84,2) -> 13625.5 | V84: =ROUND(U84*G84,2) -> 13625.5
B85: 11 | E85: Resorte de trinquete de la tuerca delantera | F85: UNIDAD | G85: 1 | I85: ='ANEXO 1'!AC86 -> 9650 | J85: =ROUND(I85*19%,2) -> 1833.5 | K85: =ROUND(I85+J85,2) -> 11483.5 | L85: =ROUND(K85*G85,2) -> 11483.5 | N85: ='ANEXO 2 HISTORICOS'!N87 -> 9166.77 | O85: =ROUND(N85*19%,2) -> 1741.69 | P85: =ROUND(N85+O85,2) -> 10908.46 | Q85: =ROUND(P85*G85,2) -> 10908.46 | S85: =ROUND(AVERAGE(I85),2) -> 9650 | T85: =ROUND(S85*19%,2) -> 1833.5 | U85: =ROUND(S85+T85,2) -> 11483.5 | V85: =ROUND(U85*G85,2) -> 11483.5
B86: 12 | E86: Resorte plano del cerrojo. | F86: UNIDAD | G86: 1 | I86: ='ANEXO 1'!AC87 -> 8950 | J86: =ROUND(I86*19%,2) -> 1700.5 | K86: =ROUND(I86+J86,2) -> 10650.5 | L86: =ROUND(K86*G86,2) -> 10650.5 | N86: ='ANEXO 2 HISTORICOS'!N88 -> 7447.74 | O86: =ROUND(N86*19%,2) -> 1415.07 | P86: =ROUND(N86+O86,2) -> 8862.81 | Q86: =ROUND(P86*G86,2) -> 8862.81 | S86: =ROUND(AVERAGE(I86,N86),2) -> 8198.87 | T86: =ROUND(S86*19%,2) -> 1557.79 | U86: =ROUND(S86+T86,2) -> 9756.66 | V86: =ROUND(U86*G86,2) -> 9756.66
B87: 13 | E87: Resorte de la base de la mira. | F87: UNIDAD | G87: 1 | I87: ='ANEXO 1'!AC88 -> 7050 | J87: =ROUND(I87*19%,2) -> 1339.5 | K87: =ROUND(I87+J87,2) -> 8389.5 | L87: =ROUND(K87*G87,2) -> 8389.5 | N87: ='ANEXO 2 HISTORICOS'!N89 -> 4010.73 | O87: =ROUND(N87*19%,2) -> 762.04 | P87: =ROUND(N87+O87,2) -> 4772.77 | Q87: =ROUND(P87*G87,2) -> 4772.77 | S87: =ROUND(AVERAGE(I87,N87),2) -> 5530.37 | T87: =ROUND(S87*19%,2) -> 1050.77 | U87: =ROUND(S87+T87,2) -> 6581.14 | V87: =ROUND(U87*G87,2) -> 6581.14
B88: 14 | E88: Resorte de la palanca de cargue. | F88: UNIDAD | G88: 1 | I88: ='ANEXO 1'!AC89 -> 8950 | J88: =ROUND(I88*19%,2) -> 1700.5 | K88: =ROUND(I88+J88,2) -> 10650.5 | L88: =ROUND(K88*G88,2) -> 10650.5 | N88: ='ANEXO 2 HISTORICOS'!N90 -> 7905.65 | O88: =ROUND(N88*19%,2) -> 1502.07 | P88: =ROUND(N88+O88,2) -> 9407.72 | Q88: =ROUND(P88*G88,2) -> 9407.72 | S88: =ROUND(AVERAGE(I88,N88),2) -> 8427.83 | T88: =ROUND(S88*19%,2) -> 1601.29 | U88: =ROUND(S88+T88,2) -> 10029.12 | V88: =ROUND(U88*G88,2) -> 10029.12
B89: 15 | E89: Resorte del conmutador. | F89: UNIDAD | G89: 1 | I89: ='ANEXO 1'!AC90 -> 13500 | J89: =ROUND(I89*19%,2) -> 2565 | K89: =ROUND(I89+J89,2) -> 16065 | L89: =ROUND(K89*G89,2) -> 16065 | N89: ='ANEXO 2 HISTORICOS'!N91 -> 16614.51 | O89: =ROUND(N89*19%,2) -> 3156.76 | P89: =ROUND(N89+O89,2) -> 19771.27 | Q89: =ROUND(P89*G89,2) -> 19771.27 | S89: =ROUND(AVERAGE(I89),2) -> 13500 | T89: =ROUND(S89*19%,2) -> 2565 | U89: =ROUND(S89+T89,2) -> 16065 | V89: =ROUND(U89*G89,2) -> 16065
B90: 16 | E90: Resorte del Eyector | F90: UNIDAD | G90: 1 | I90: ='ANEXO 1'!AC91 -> 7050 | J90: =ROUND(I90*19%,2) -> 1339.5 | K90: =ROUND(I90+J90,2) -> 8389.5 | L90: =ROUND(K90*G90,2) -> 8389.5 | N90: ='ANEXO 2 HISTORICOS'!N92 -> 4010.73 | O90: =ROUND(N90*19%,2) -> 762.04 | P90: =ROUND(N90+O90,2) -> 4772.77 | Q90: =ROUND(P90*G90,2) -> 4772.77 | S90: =ROUND(AVERAGE(I90,N90),2) -> 5530.37 | T90: =ROUND(S90*19%,2) -> 1050.77 | U90: =ROUND(S90+T90,2) -> 6581.14 | V90: =ROUND(U90*G90,2) -> 6581.14
B91: 17 | E91: Resorte de la barra del martillo. | F91: UNIDAD | G91: 1 | I91: ='ANEXO 1'!AC92 -> 10600 | J91: =ROUND(I91*19%,2) -> 2014 | K91: =ROUND(I91+J91,2) -> 12614 | L91: =ROUND(K91*G91,2) -> 12614 | N91: ='ANEXO 2 HISTORICOS'!N93 -> 10884.74 | O91: =ROUND(N91*19%,2) -> 2068.1 | P91: =ROUND(N91+O91,2) -> 12952.84 | Q91: =ROUND(P91*G91,2) -> 12952.84 | S91: =ROUND(AVERAGE(I91),2) -> 10600 | T91: =ROUND(S91*19%,2) -> 2014 | U91: =ROUND(S91+T91,2) -> 12614 | V91: =ROUND(U91*G91,2) -> 12614
B92: 18 | E92: Resorte saliente del martillo. | F92: UNIDAD | G92: 1 | I92: ='ANEXO 1'!AC93 -> 8500 | J92: =ROUND(I92*19%,2) -> 1615 | K92: =ROUND(I92+J92,2) -> 10115 | L92: =ROUND(K92*G92,2) -> 10115 | N92: ='ANEXO 2 HISTORICOS'!N94 -> 6875.08 | O92: =ROUND(N92*19%,2) -> 1306.27 | P92: =ROUND(N92+O92,2) -> 8181.35 | Q92: =ROUND(P92*G92,2) -> 8181.35 | S92: =ROUND(AVERAGE(I92,N92),2) -> 7687.54 | T92: =ROUND(S92*19%,2) -> 1460.63 | U92: =ROUND(S92+T92,2) -> 9148.17 | V92: =ROUND(U92*G92,2) -> 9148.17
B93: 19 | E93: Resorte selector de fuego. | F93: UNIDAD | G93: 1 | I93: ='ANEXO 1'!AC94 -> 7650 | J93: =ROUND(I93*19%,2) -> 1453.5 | K93: =ROUND(I93+J93,2) -> 9103.5 | L93: =ROUND(K93*G93,2) -> 9103.5 | N93: ='ANEXO 2 HISTORICOS'!N95 -> 5156.04 | O93: =ROUND(N93*19%,2) -> 979.65 | P93: =ROUND(N93+O93,2) -> 6135.69 | Q93: =ROUND(P93*G93,2) -> 6135.69 | S93: =ROUND(AVERAGE(I93,N93),2) -> 6403.02 | T93: =ROUND(S93*19%,2) -> 1216.57 | U93: =ROUND(S93+T93,2) -> 7619.59 | V93: =ROUND(U93*G93,2) -> 7619.59
B94: 20 | E94: Resorte del freno de la mira delantera. | F94: UNIDAD | G94: 1 | I94: ='ANEXO 1'!AC95 -> 7400 | J94: =ROUND(I94*19%,2) -> 1406 | K94: =ROUND(I94+J94,2) -> 8806 | L94: =ROUND(K94*G94,2) -> 8806 | N94: ='ANEXO 2 HISTORICOS'!N96 -> 4698.13 | O94: =ROUND(N94*19%,2) -> 892.64 | P94: =ROUND(N94+O94,2) -> 5590.77 | Q94: =ROUND(P94*G94,2) -> 5590.77 | S94: =ROUND(AVERAGE(I94,N94),2) -> 6049.07 | T94: =ROUND(S94*19%,2) -> 1149.32 | U94: =ROUND(S94+T94,2) -> 7198.39 | V94: =ROUND(U94*G94,2) -> 7198.39
B95: 21 | E95: Resorte del retén de la tuerca del cañón. | F95: UNIDAD | G95: 1 | I95: ='ANEXO 1'!AC96 -> 7400 | J95: =ROUND(I95*19%,2) -> 1406 | K95: =ROUND(I95+J95,2) -> 8806 | L95: =ROUND(K95*G95,2) -> 8806 | N95: ='ANEXO 2 HISTORICOS'!N97 -> 4583.39 | O95: =ROUND(N95*19%,2) -> 870.84 | P95: =ROUND(N95+O95,2) -> 5454.23 | Q95: =ROUND(P95*G95,2) -> 5454.23 | S95: =ROUND(AVERAGE(I95,N95),2) -> 5991.7 | T95: =ROUND(S95*19%,2) -> 1138.42 | U95: =ROUND(S95+T95,2) -> 7130.12 | V95: =ROUND(U95*G95,2) -> 7130.12
B96: 22 | E96: Resorte del retén de la cubierta. | F96: UNIDAD | G96: 1 | I96: ='ANEXO 1'!AC97 -> 8250 | J96: =ROUND(I96*19%,2) -> 1567.5 | K96: =ROUND(I96+J96,2) -> 9817.5 | L96: =ROUND(K96*G96,2) -> 9817.5 | N96: ='ANEXO 2 HISTORICOS'!N98 -> 6416.1 | O96: =ROUND(N96*19%,2) -> 1219.06 | P96: =ROUND(N96+O96,2) -> 7635.16 | Q96: =ROUND(P96*G96,2) -> 7635.16 | S96: =ROUND(AVERAGE(I96,N96),2) -> 7333.05 | T96: =ROUND(S96*19%,2) -> 1393.28 | U96: =ROUND(S96+T96,2) -> 8726.33 | V96: =ROUND(U96*G96,2) -> 8726.33
B97: 23 | E97: Resorte del proveedor. | F97: UNIDAD | G97: 1 | I97: ='ANEXO 1'!AC98 -> 102500 | J97: =ROUND(I97*19%,2) -> 19475 | K97: =ROUND(I97+J97,2) -> 121975 | L97: =ROUND(K97*G97,2) -> 121975 | N97: ='ANEXO 2 HISTORICOS'!N99 -> 108848.47 | O97: =ROUND(N97*19%,2) -> 20681.21 | P97: =ROUND(N97+O97,2) -> 129529.68 | Q97: =ROUND(P97*G97,2) -> 129529.68 | S97: =ROUND(AVERAGE(I97),2) -> 102500 | T97: =ROUND(S97*19%,2) -> 19475 | U97: =ROUND(S97+T97,2) -> 121975 | V97: =ROUND(U97*G97,2) -> 121975
B98: 24 | E98: Cambio de los tornillos y arandelas de las cachas | F98: UNIDAD | G98: 1 | I98: ='ANEXO 1'!AC99 -> 21300 | J98: =ROUND(I98*19%,2) -> 4047 | K98: =ROUND(I98+J98,2) -> 25347 | L98: =ROUND(K98*G98,2) -> 25347 | N98: ='ANEXO 2 HISTORICOS'!N100 -> 17187.16 | O98: =ROUND(N98*19%,2) -> 3265.56 | P98: =ROUND(N98+O98,2) -> 20452.72 | Q98: =ROUND(P98*G98,2) -> 20452.72 | S98: =ROUND(AVERAGE(I98,N98),2) -> 19243.58 | T98: =ROUND(S98*19%,2) -> 3656.28 | U98: =ROUND(S98+T98,2) -> 22899.86 | V98: =ROUND(U98*G98,2) -> 22899.86
B99: 25 | E99: Cambio de los tornillos de la cubierta de la empuñadura. | F99: UNIDAD | G99: 1 | I99: ='ANEXO 1'!AC100 -> 5900 | J99: =ROUND(I99*19%,2) -> 1121 | K99: =ROUND(I99+J99,2) -> 7021 | L99: =ROUND(K99*G99,2) -> 7021 | N99: ='ANEXO 2 HISTORICOS'!N101 -> 18447.22 | O99: =ROUND(N99*19%,2) -> 3504.97 | P99: =ROUND(N99+O99,2) -> 21952.19 | Q99: =ROUND(P99*G99,2) -> 21952.19 | S99: =ROUND(AVERAGE(I99),2) -> 5900 | T99: =ROUND(S99*19%,2) -> 1121 | U99: =ROUND(S99+T99,2) -> 7021 | V99: =ROUND(U99*G99,2) -> 7021
B100: 26 | E100: cambio del punto de mira y del alza de mira (subametralladora MP 5) | F100: UNIDAD | G100: 1 | I100: ='ANEXO 1'!AC101 -> 130500 | J100: =ROUND(I100*19%,2) -> 24795 | K100: =ROUND(I100+J100,2) -> 155295 | L100: =ROUND(K100*G100,2) -> 155295 | N100: ='ANEXO 2 HISTORICOS'!N102 -> 85933.68 | O100: =ROUND(N100*19%,2) -> 16327.4 | P100: =ROUND(N100+O100,2) -> 102261.08 | Q100: =ROUND(P100*G100,2) -> 102261.08 | S100: =ROUND(AVERAGE(I100,N100),2) -> 108216.84 | T100: =ROUND(S100*19%,2) -> 20561.2 | U100: =ROUND(S100+T100,2) -> 128778.04 | V100: =ROUND(U100*G100,2) -> 128778.04
B101: 27 | E101: Cambio del arco protector del poste de mira (subametralladora MP 5) | F101: UNIDAD | G101: 1 | I101: ='ANEXO 1'!AC102 -> 177000 | J101: =ROUND(I101*19%,2) -> 33630 | K101: =ROUND(I101+J101,2) -> 210630 | L101: =ROUND(K101*G101,2) -> 210630 | N101: ='ANEXO 2 HISTORICOS'!N103 -> 121452.24 | O101: =ROUND(N101*19%,2) -> 23075.93 | P101: =ROUND(N101+O101,2) -> 144528.17 | Q101: =ROUND(P101*G101,2) -> 144528.17 | S101: =ROUND(AVERAGE(I101,N101),2) -> 149226.12 | T101: =ROUND(S101*19%,2) -> 28352.96 | U101: =ROUND(S101+T101,2) -> 177579.08 | V101: =ROUND(U101*G101,2) -> 177579.08
B102: 28 | E102: Cambio del guardamano de polímero por guardamano en aluminio con riel picatinny y empuñadura vertical en aluminio. (subametralladora MP 5) | F102: UNIDAD | G102: 1 | I102: ='ANEXO 1'!AC103 -> 585000 | J102: =ROUND(I102*19%,2) -> 111150 | K102: =ROUND(I102+J102,2) -> 696150 | L102: =ROUND(K102*G102,2) -> 696150 | N102: ='ANEXO 2 HISTORICOS'!N104 -> 401020.61 | O102: =ROUND(N102*19%,2) -> 76193.92 | P102: =ROUND(N102+O102,2) -> 477214.53 | Q102: =ROUND(P102*G102,2) -> 477214.53 | S102: =ROUND(AVERAGE(I102,N102),2) -> 493010.31 | T102: =ROUND(S102*19%,2) -> 93671.96 | U102: =ROUND(S102+T102,2) -> 586682.27 | V102: =ROUND(U102*G102,2) -> 586682.27
B103: 29 | E103: Cambio de los anillos en teflón de la varilla guía y resorte recuperador (subametralladora MP5). | F103: UNIDAD | G103: 1 | I103: ='ANEXO 1'!AC104 -> 20000 | J103: =ROUND(I103*19%,2) -> 3800 | K103: =ROUND(I103+J103,2) -> 23800 | L103: =ROUND(K103*G103,2) -> 23800 | N103: ='ANEXO 2 HISTORICOS'!N105 -> 17415.58 | O103: =ROUND(N103*19%,2) -> 3308.96 | P103: =ROUND(N103+O103,2) -> 20724.54 | Q103: =ROUND(P103*G103,2) -> 20724.54 | S103: =ROUND(AVERAGE(I103,N103),2) -> 18707.79 | T103: =ROUND(S103*19%,2) -> 3554.48 | U103: =ROUND(S103+T103,2) -> 22262.27 | V103: =ROUND(U103*G103,2) -> 22262.27
D104: VALOR TOTAL Suministro y cambio de los repuestos de acuerdo al tipo de SubAmetralladora
C106: FUSILES 5.56
B107: ITEM | C107: REQUISITOS GENERALES | D107: REQUISITOS ESPECÍFICOS | E107: ACTIVIDAD | F107: UNIDAD DE MEDIDA | G107: CANTIDAD
B110: 1 | C110: Mantenimiento de Fusil (Arma automática y armas automáticas), en todos sus componentes: Externos: Cañón, Receptor o armazón Internos: Mecanismo de alimentación, Mecanismos de cierre, Mecanismos de disparo y persecución, Mecanismo de extracción, Mecanismos de seguridad. | D110:  FASE I. DESPIECE Y DESPLAQUE DE FUSILES 5.56 (Según especificaciones de la Ficha Técnica) | E110: Despiece general del arma | F110: UNIDAD | G110: 1 | I110: ='ANEXO 1'!AC112 -> 76250 | J110: =ROUND(I110*19%,2) -> 14487.5 | K110: =ROUND(I110+J110,2) -> 90737.5 | L110: =ROUND(K110*G110,2) -> 90737.5 | N110: ='ANEXO 2 HISTORICOS'!N112 -> 80429 | O110: =ROUND(N110*19%,2) -> 15281.51 | P110: =ROUND(N110+O110,2) -> 95710.51 | Q110: =ROUND(P110*G110,2) -> 95710.51 | S110: =ROUND(AVERAGE(I110),2) -> 76250 | T110: =ROUND(S110*19%,2) -> 14487.5 | U110: =ROUND(S110+T110,2) -> 90737.5 | V110: =ROUND(U110*G110,2) -> 90737.5
B111: 2 | E111: Revisión de piezas para constatar fracturas y fisuras en material | N111: ='[1]ANEXO 2'!L113 -> 0
D112: VALOR TOTAL DESPIECE Y DESPLAQUE DE FUSILES 5.56
B114: 1 | D114:  FASE II. REVISIÓN DE LOS MECANISMOS Y CAMBIO DE REPUESTOS REQUERIDOS DE FUSILES 5.56 (Según especificaciones de la Ficha Técnica) | E114: Desarme y arme general del arma | F114: UNIDAD | G114: 1 | I114: ='ANEXO 1'!AC116 -> 1225000 | J114: =ROUND(I114*19%,2) -> 232750 | K114: =ROUND(I114+J114,2) -> 1457750 | L114: =ROUND(K114*G114,2) -> 1457750 | N114: ='ANEXO 2 HISTORICOS'!N116 -> 1036657.2 | O114: =ROUND(N114*19%,2) -> 196964.87 | P114: =ROUND(N114+O114,2) -> 1233622.1 | Q114: =ROUND(P114*G114,2) -> 1233622.1 | S114: =ROUND(AVERAGE(I114,N114),2) -> 1130828.6 | T114: =ROUND(S114*19%,2) -> 214857.44 | U114: =ROUND(S114+T114,2) -> 1345686.1 | V114: =ROUND(U114*G114,2) -> 1345686.1
B115: 2 | E115: Cambio de sistemas de tensión del disparador, sistema de percusión y mecanismos de disparo.
B116: 3 | E116: Limpieza del ánima del cañón y tubo de gases
...

Sheet ANEXO 4- PISTOLAS  DEF 
A1: FORMATO OFERTA ECONOMICA 2026
C2: "MANTENIMIENTO CORRECTIVO CON SUMINISTRO DE REPUESTOS PARA ARMAS DE FUEGO TIPO PISTOLASCALIBRE 9MM, SUBAMETRALLADORAS CALIBRE 9MM Y FUSILES CALIBRE 5.56 DE DIFERENTES MARCAS Y MODELOS PARA LA FISCALÍA GENERAL DE LA NACIÓN”
A6: MANTENIMIENTO CORRECTIVO CON SUMINISTRO DE REPUESTOS PARA ARMAS DE FUEGO TIPO PISTOLAS, CALIBRE 9 MM, DE DIFERENTES MARCAS Y MODELOS PARA LA FISCALIA GENERAL DE LA NACION. (SEGÚN ESPECIFICACIONES TÉCNICAS - FICHA TECNICA No. 1 (PISTOLAS CALIBRE 9MM )
I8: PRECIO FINAL SELECCIONADO
A10: ITEM | B10: REQUISITOS GENERALES | C10: REQUISITOS ESPECÍFICOS | D10: ACTIVIDAD | E10: UNIDAD DE MEDIDA | F10: CANTIDAD | I10: VALOR UNITARIO | J10: IVA | K10: VALOR UNITARIO INCLUIDO IVA
A12: 1 | B12: Mantenimiento de Pistolas (Arma semiautomáticas), en todos sus componentes: Externos: Receptor o armazón Internos: Mecanismo de alimentación, Mecanismos de cierre, Mecanismos de disparo y percusión, Mecanismo de extracción, Mecanismos de seguridad. | C12:   FASE I. DESPIECE Y DESPLAQUE DE PISTOLAS 9MM (Según especificaciones de la Ficha Técnica) | D12: Despiece general del arma | E12: UNIDAD | F12: 1 | I12: ='ANEXO 3 hist vs cotizaaciones'!S7 -> 75000 | J12: =ROUND(I12*19%,2) -> 14250 | K12: =ROUND(I12+J12,2) -> 89250
A13: 2 | D13: Revisión de piezas para constatar fisuras, fracturas o desgastes en el material
C14: VALOR TOTAL DESPIECE Y DESPLAQUE DE PISTOLAS 9MM | K14: =ROUND(SUM(K12),2) -> 89250
A16: 1 | C16:  FASE II. REVISIÓN DE LOS MECANISMOS,CAMBIO DE REPUESTOS REQUERIDOS DE PISTOLAS 9MM (Según especificaciones de la Ficha Técnica) | D16: Desarme y arme general del arma | E16: UNIDAD | F16: 1 | I16: ='ANEXO 3 hist vs cotizaaciones'!S11 -> 709772.78 | J16: =ROUND(I16*19%,2) -> 134856.83 | K16: =ROUND(I16+J16,2) -> 844629.61
A17: 2 | D17: Cambio de sistemas de tensión del disparador, sistema de percusión y mecanismos de disparo.
A18: 3 | D18: Desplaque superficial y desoxidación de los mecanismos internos y externos del arma
A19: 4 | D19: Limpieza del ánima del cañón.
A20: 5 | D20: Limpieza y lubricación general.
A21: 6 | D21: Recubrimiento de pintura cerámica de alta resistencia y adherencia color negro a los elementos externos.
A22: 7 | D22: Recubrimiento de pintura cerámica de alta resistencia y adherencia color negro al proveedor del arma.
A23: 8 | D23: Tratamiento superficial de pavonado a los elementos y mecanismos internos del arma (piezas móviles).
A24: 9 | D24: Cambio de pasadores
A25: 10 | D25: Cambio de los resortes
A26: 11 | D26: Cambio de los tornillos y arandelas de las cachas pistolas CZ.
A27: 12 | D27: Cambio de las cachas pistolas CZ. | E27: UNIDAD | F27: 1 | I27: ='ANEXO 3 hist vs cotizaaciones'!S22 -> 102810.26 | J27: =ROUND(I27*19%,2) -> 19533.95 | K27: =ROUND(I27+J27,2) -> 122344.21
A28: 13 | D28: Cambio Varilla guía de polímero por varilla guía metálica para las pistolas CZ.
A29: 14 | D29: Reparación del punto y alza de Mira
C30: VALOR TOTAL REVISIÓN DE LOS MECANISMOS,CAMBIO DE REPUESTOS REQUERIDOS DE PISTOLAS 9MM | K30: =ROUND(SUM(K16:K29),2) -> 966973.82
A32: 1 | C32: Cambio de repuestos de acuerdo al tipo de Pistola 9MM: (Según especificaciones de la Ficha Técnica) | D32: Resorte del fiador | E32: UNIDAD | F32: 1 | I32: ='ANEXO 3 hist vs cotizaaciones'!S27 -> 6510.4 | J32: =ROUND(I32*19%,2) -> 1236.98 | K32: =ROUND(I32+J32,2) -> 7747.38
A33: 2 | D33: Resorte recuperador. | E33: UNIDAD | F33: 1 | I33: ='ANEXO 3 hist vs cotizaaciones'!S28 -> 50538.52 | J33: =ROUND(I33*19%,2) -> 9602.32 | K33: =ROUND(I33+J33,2) -> 60140.84
A34: 3 | D34: Resorte del disparador. | E34: UNIDAD | F34: 1 | I34: ='ANEXO 3 hist vs cotizaaciones'!S29 -> 6567.77 | J34: =ROUND(I34*19%,2) -> 1247.88 | K34: =ROUND(I34+J34,2) -> 7815.65
A35: 4 | D35: Resorte del percutor. | E35: UNIDAD | F35: 1 | I35: ='ANEXO 3 hist vs cotizaaciones'!S30 -> 6041.7 | J35: =ROUND(I35*19%,2) -> 1147.92 | K35: =ROUND(I35+J35,2) -> 7189.62
A36: 5 | D36: Resorte de los pestillos del seguro de la corredera | E36: UNIDAD | F36: 1 | I36: ='ANEXO 3 hist vs cotizaaciones'!S31 -> 5448 | J36: =ROUND(I36*19%,2) -> 1035.12 | K36: =ROUND(I36+J36,2) -> 6483.12
A37: 6 | D37: Resorte de la barra del martillo. | E37: UNIDAD | F37: 1 | I37: ='ANEXO 3 hist vs cotizaaciones'!S32 -> 6698 | J37: =ROUND(I37*19%,2) -> 1272.62 | K37: =ROUND(I37+J37,2) -> 7970.62
A38: 7 | D38: Resorte del retén de la corredera. | E38: UNIDAD | F38: 1 | I38: ='ANEXO 3 hist vs cotizaaciones'!S33 -> 5448 | J38: =ROUND(I38*19%,2) -> 1035.12 | K38: =ROUND(I38+J38,2) -> 6483.12
A39: 8 | D39: Resorte del seguro bloqueador del percutor. | E39: UNIDAD | F39: 1 | I39: ='ANEXO 3 hist vs cotizaaciones'!S34 -> 4904.3 | J39: =ROUND(I39*19%,2) -> 931.82 | K39: =ROUND(I39+J39,2) -> 5836.12
A40: 9 | D40: Resorte barra del disparador (extensor). | E40: UNIDAD | F40: 1 | I40: ='ANEXO 3 hist vs cotizaaciones'!S35 -> 5530.37 | J40: =ROUND(I40*19%,2) -> 1050.77 | K40: =ROUND(I40+J40,2) -> 6581.14
A41: 10 | D41: Resorte palanca de desarme. | E41: UNIDAD | F41: 1 | I41: ='ANEXO 3 hist vs cotizaaciones'!S36 -> 4574.8 | J41: =ROUND(I41*19%,2) -> 869.21 | K41: =ROUND(I41+J41,2) -> 5444.01
A42: 11 | D42: Resorte de uña extractora | E42: UNIDAD | F42: 1 | I42: ='ANEXO 3 hist vs cotizaaciones'!S37 -> 4574.8 | J42: =ROUND(I42*19%,2) -> 869.21 | K42: =ROUND(I42+J42,2) -> 5444.01
A43: 12 | D43: Cambio sistemas de tensión del disparador, sistema de percusión y mecanismos de disparo | E43: UNIDAD | F43: 1 | I43: ='ANEXO 3 hist vs cotizaaciones'!S38 -> 58980.21 | J43: =ROUND(I43*19%,2) -> 11206.24 | K43: =ROUND(I43+J43,2) -> 70186.45
A44: 13 | D44: Cambio de pasadores. | E44: UNIDAD | F44: 1 | I44: ='ANEXO 3 hist vs cotizaaciones'!S39 -> 67331.57 | J44: =ROUND(I44*19%,2) -> 12793 | K44: =ROUND(I44+J44,2) -> 80124.57
... A49: 18 | D49: Reparación del punto y alza de Mira | E49: UNIDAD | F49: 1 | I49: ='ANEXO 3 hist vs cotizaaciones'!S44 -> 72132.98 | J49: =ROUND(I49*19%,2) -> 13705.27 | K49: =ROUND(I49+J49,2) -> 85838.25
C50: VALOR TOTAL CAMBIO DE REPUESTOS de acuerdo al tipo de Pistola 9MM | K50: =ROUND(SUM(K32:K49),2) -> 583503.53
A52: TOTAL PISTOLAS CALIBRE 9MM | K52: =ROUND(K14+K30+K50,2) -> 1639727.4

Sheet ANEXO 4 - SUBAMETRALLADORAS DEF
B2: FORMATO OFERTA ECONOMICA 2026
D3: “MANTENIMIENTO CORRECTIVO CON SUMINISTRO DE REPUESTOS PARA ARMAS DE FUEGO TIPO PISTOLASCALIBRE 9MM, SUBAMETRALLADORAS CALIBRE 9MM Y FUSILES CALIBRE 5.56 DE DIFERENTES MARCAS Y MODELOS PARA LA FISCALÍA GENERAL DE LA NACIÓN”
B6: MANTENIMIENTO CORRECTIVO CON SUMINISTRO DE REPUESTOS PARA ARMAS DE FUEGO TIPO SUB AMETRALLADORAS CALIBRE 9 MM, DE DIFERENTES MARCAS Y MODELOS PARA LA FISCALIA GENERAL DE LA NACION. (SEGÚN ESPECIFICACIONES TÉCNICAS - FICHA TECNICA No. 2 (SUBAMETRALLADORAS CALIBRE 9MM)
J9: PRECIO FINAL SELECCIONADO
B11: ITEM | C11: REQUISITOS GENERALES | D11: REQUISITOS ESPECÍFICOS | E11: ACTIVIDAD | F11: UNIDAD DE MEDIDA | G11: CANTIDAD | J11: VALOR UNITARIO | K11: IVA | L11: VALOR UNITARIO INCLUIDO IVA
B13: 1 | C13: Mantenimiento de subametralladora (Arma automática y semiautomática), en todos sus componentes: Externos: Cañón, Receptor o armazón Internos: Mecanismo de alimentación, Mecanismos de cierre, Mecanismos de disparo y persecución, Mecanismo de extracción, Mecanismos de seguridad. | D13:  FASE I.  FASE I. DESPIECE Y DESPLAQUE DE SUB-AMETRALLADORAS CALIBRE 9MM (según especificaciones Ficha Técnica) | E13: Despiece general del arma | F13: UNIDAD | G13: 1 | J13: ='ANEXO 3 hist vs cotizaaciones'!S51 -> 76250 | K13: =ROUND(J13*19%,2) -> 14487.5 | L13: =ROUND(J13+K13,2) -> 90737.5
B14: 2 | E14: Revisión de piezas para constatar fracturas en material.
D15: VALOR TOTAL DESPIECE Y DESPLAQUE DE SUB-AMETRALLADORAS CALIBRE 9MM | L15: =SUM(L13) -> 90737.5
B17: 1 | D17:  FASE II. REVISIÓN DE LOS MECANISMOS Y CAMBIO DE REPUESTOS REQUERIDOS. DE SUBAMETRALLADORAS CALIBRE 9MM (según especificaciones Ficha Técnica) | E17: Desarme y arme general del arma. | F17: UNIDAD | G17: 1 | J17: ='ANEXO 3 hist vs cotizaaciones'!S55 -> 903727.63 | K17: =ROUND(J17*19%,2) -> 171708.25 | L17: =ROUND(J17+K17,2) -> 1075435.9
B18: 2 | E18: Revisión y cambio de sistemas de tensión del disparador, sistema de percusión y mecanismos de disparo.
B19: 3 | E19: Desplaque superficial y desoxidación de los mecanismos internos y externos del arma.
B20: 4 | E20: Limpieza del ánima del cañón.
B21: 5 | E21: Limpieza y lubricación general.
B22: 6 | E22: Aplicar revestimiento pintura cerámica de alta resistencia y adherencia color negro a los mecanismos externos.
B23: 7 | E23: Recubrimiento de pintura cerámica de alta resistencia y adherencia al proveedor del arma y reparación de los labios del proveedor.
B24: 8 | E24: Tratamiento superficial de pavonado a los elementos y mecanismos internos del arma (piezas móviles).
B25: 9 | E25: Cambio de los resortes
B26: 10 | E26: Cambio de los tornillos y arandelas de las cachas
B27: 11 | E27: Cambio de los tornillos de la cubierta de la empuñadura.
B28: 12 | E28: Reparación del tambor del alza de mira (subametralladora MP 5). | J28: ='ANEXO 3 hist vs cotizaaciones'!S66 -> 728808.02 | K28: =ROUND(J28*19%,2) -> 138473.52 | L28: =ROUND(J28+K28,2) -> 867281.54
B29: 13 | E29: Cambio del punto de mira y del alza de mira (subametralladora MP 5).
B30: 14 | E30: Cambio del arco protector del poste de mira (subametralladora MP 5)
B31: 15 | E31: Cambio del guardamano de polímero por guardamano en aluminio con riel picatinny y empuñadura vertical en aluminio. (subametralladora MP 5)
B32: 16 | E32: Cambio de los anillos en teflón de la varilla guía y resorte recuperador (subametralladora MP5).
B33: 17 | E33: Reparación de las palancas de cargue y polímero (subametralladora MP5).
B34: 18 | E34: Reparación de proveedores subametralladora MP5
D35: VALOR TOTAL REVISIÓN DE LOS MECANISMOS Y CAMBIO DE REPUESTOS REQUERIDOS. DE SUBAMETRALLADORAS CALIBRE 9MM | L35: =ROUND(SUM(L17:L34),2) -> 1942717.4
B37: 1 | D37: Suministro y cambio de los repuestos de acuerdo al tipo de SubAmetralladora (según especificaciones Ficha Técnica) | E37: Resorte del fiador. | F37: UNIDAD | G37: 1 | J37: ='ANEXO 3 hist vs cotizaaciones'!S75 -> 7630.17 | K37: =ROUND(J37*19%,2) -> 1449.73 | L37: =ROUND(J37+K37,2) -> 9079.9
B38: 2 | E38: Resorte recuperador. | F38: UNIDAD | G38: 1 | J38: ='ANEXO 3 hist vs cotizaaciones'!S76 -> 22750 | K38: =ROUND(J38*19%,2) -> 4322.5 | L38: =ROUND(J38+K38,2) -> 27072.5
B39: 3 | E39: Resorte del disparador. | F39: UNIDAD | G39: 1 | J39: ='ANEXO 3 hist vs cotizaaciones'!S77 -> 9250 | K39: =ROUND(J39*19%,2) -> 1757.5 | L39: =ROUND(J39+K39,2) -> 11007.5
B40: 4 | E40: Resorte del percutor. | F40: UNIDAD | G40: 1 | J40: ='ANEXO 3 hist vs cotizaaciones'!S78 -> 6510.4 | K40: =ROUND(J40*19%,2) -> 1236.98 | L40: =ROUND(J40+K40,2) -> 7747.38
B41: 5 | E41: Resorte del extractor. | F41: UNIDAD | G41: 1 | J41: ='ANEXO 3 hist vs cotizaaciones'!S79 -> 11000 | K41: =ROUND(J41*19%,2) -> 2090 | L41: =ROUND(J41+K41,2) -> 13090
B42: 6 | E42: Resorte de la culata plegable. | F42: UNIDAD | G42: 1 | J42: ='ANEXO 3 hist vs cotizaaciones'!S80 -> 7415.42 | K42: =ROUND(J42*19%,2) -> 1408.93 | L42: =ROUND(J42+K42,2) -> 8824.35
B43: 7 | E43: Resorte del Culatín de la culata plegable. | F43: UNIDAD | G43: 1 | J43: ='ANEXO 3 hist vs cotizaaciones'!S81 -> 13000 | K43: =ROUND(J43*19%,2) -> 2470 | L43: =ROUND(J43+K43,2) -> 15470
B44: 8 | E44: Resorte del retén del cargador. | F44: UNIDAD | G44: 1 | J44: ='ANEXO 3 hist vs cotizaaciones'!S82 -> 13000 | K44: =ROUND(J44*19%,2) -> 2470 | L44: =ROUND(J44+K44,2) -> 15470
B45: 9 | E45: Resorte de la empuñadura de seguridad automática. | F45: UNIDAD | G45: 1 | J45: ='ANEXO 3 hist vs cotizaaciones'!S83 -> 14500 | K45: =ROUND(J45*19%,2) -> 2755 | L45: =ROUND(J45+K45,2) -> 17255
B46: 10 | E46: Resorte de seguridad del disparador. | F46: UNIDAD | G46: 1 | J46: ='ANEXO 3 hist vs cotizaaciones'!S84 -> 11450 | K46: =ROUND(J46*19%,2) -> 2175.5 | L46: =ROUND(J46+K46,2) -> 13625.5
B47: 11 | E47: Resorte de trinquete de la tuerca delantera | F47: UNIDAD | G47: 1 | J47: ='ANEXO 3 hist vs cotizaaciones'!S85 -> 9650 | K47: =ROUND(J47*19%,2) -> 1833.5 | L47: =ROUND(J47+K47,2) -> 11483.5
B48: 12 | E48: Resorte plano del cerrojo. | F48: UNIDAD | G48: 1 | J48: ='ANEXO 3 hist vs cotizaaciones'!S86 -> 8198.87 | K48: =ROUND(J48*19%,2) -> 1557.79 | L48: =ROUND(J48+K48,2) -> 9756.66
B49: 13 | E49: Resorte de la base de la mira. | F49: UNIDAD | G49: 1 | J49: ='ANEXO 3 hist vs cotizaaciones'!S87 -> 5530.37 | K49: =ROUND(J49*19%,2) -> 1050.77 | L49: =ROUND(J49+K49,2) -> 6581.14
... B65: 29 | E65: Cambio de los anillos en teflón de la varilla guía y resorte recuperador (subametralladora MP5). | F65: UNIDAD | G65: 1 | J65: ='ANEXO 3 hist vs cotizaaciones'!S103 -> 18707.79 | K65: =ROUND(J65*19%,2) -> 3554.48 | L65: =ROUND(J65+K65,2) -> 22262.27
D66: VALOR TOTAL Suministro y cambio de los repuestos de acuerdo al tipo de SubAmetralladora | L66: =ROUND(SUM(L37:L65),2) -> 1318772.8
B68: TOTAL SUBAMETRALLADORA 9 MM | L68: =ROUND(L15+L35+L66,2) -> 3352227.7

Sheet ANEXO 4- FUSILES   DEF
A1: FORMATO OFERTA ECONOMICA 2026
D2: “MANTENIMIENTO CORRECTIVO CON SUMINISTRO DE REPUESTOS PARA ARMAS DE FUEGO TIPO PISTOLASCALIBRE 9MM, SUBAMETRALLADORAS CALIBRE 9MM Y FUSILES CALIBRE 5.56 DE DIFERENTES MARCAS Y MODELOS PARA LA FISCALÍA GENERAL DE LA NACIÓN”
A6: MANTENIMIENTO CORRECTIVO CON SUMINISTRO DE REPUESTOS PARA PARA ARMAS DE FUEGO TIPO FUSILES CALIBRE 5.56 DE DIFERENTES MARCAS Y MODELOS PARA LA FISCALIA GENERAL DE LA NACION SEGÚN ESPECIFICACIONES TÉCNICAS -FICHA TECNICA No. 3 (FUSILES CALIBRE 5.56)
I8: PRECIO FINAL SELECCIONADO
A9: ITEM | B9: REQUISITOS GENERALES | C9: REQUISITOS ESPECÍFICOS | D9: ACTIVIDAD | E9: UNIDAD DE MEDIDA | F9: CANTIDAD
I10: VALOR UNITARIO | J10: IVA | K10: VALOR UNITARIO INCLUIDO IVA
A12: 1 | B12: Mantenimiento de Fusil (Arma automática y armas automáticas), en todos sus componentes: Externos: Cañón, Receptor o armazón Internos: Mecanismo de alimentación, Mecanismos de cierre, Mecanismos de disparo y persecución, Mecanismo de extracción, Mecanismos de seguridad. | C12:  FASE I. DESPIECE Y DESPLAQUE DE FUSILES 5.56 (Según especificaciones de la Ficha Técnica) | D12: Despiece general del arma | E12: UNIDAD | F12: 1 | I12: ='ANEXO 3 hist vs cotizaaciones'!S110 -> 76250 | J12: =ROUND(I12*19%,2) -> 14487.5 | K12: =ROUND(I12+J12,2) -> 90737.5
A13: 2 | D13: Revisión de piezas para constatar fracturas y fisuras en material
C14: VALOR TOTAL DESPIECE Y DESPLAQUE DE FUSILES 5.56 | K14: =ROUND(SUM(K12),2) -> 90737.5
A16: 1 | C16:  FASE II. REVISIÓN DE LOS MECANISMOS Y CAMBIO DE REPUESTOS REQUERIDOS DE FUSILES 5.56 (Según especificaciones de la Ficha Técnica) | D16: Desarme y arme general del arma | E16: UNIDAD | F16: 1 | I16: ='ANEXO 3 hist vs cotizaaciones'!S114 -> 1130828.6 | J16: =ROUND(I16*19%,2) -> 214857.44 | K16: =ROUND(I16+J16,2) -> 1345686.1
A17: 2 | D17: Cambio de sistemas de tensión del disparador, sistema de percusión y mecanismos de disparo.
A18: 3 | D18: Limpieza del ánima del cañón y tubo de gases
A19: 4 | D19: Limpieza y lubricación general.
A20: 5 | D20: Desplaque superficial y desoxidación de los mecanismos internos y externos del arma.
A21: 6 | D21: Recubrimiento de pintura cerámica de alta resistencia y adherencia color Negro a los elementos externos del arma.
A22: 7 | D22: Recubrimiento de pintura cerámica de alta resistencia y adherencia color negro al proveedor del arma.
A23: 8 | D23: Tratamiento superficial de pavonado a los elementos y mecanismos internos del arma (piezas móviles).
A24: 9 | D24: Cambio de pasadores en mal estado.
A25: 10 | D25: Cambio de muelles (resortes).
A26: 11 | D26: Reparación del punto y alza de Mira o cambio si presenta deformación
C27: VALOR TOTAL REVISIÓN DE LOS MECANISMOS Y CAMBIO DE REPUESTOS REQUERIDOS DE FUSILES 5.56 | K27: =ROUND(SUM(K16:K26),2) -> 1345686.1
A29: 1 | C29: CAMBIO DE REPUESTOS de acuerdo al tipo de Fusil (Según especificaciones de la Ficha Técnica) | D29: Resorte recuperador. | E29: UNIDAD | F29: 1 | I29: ='ANEXO 3 hist vs cotizaaciones'!S127 -> 24421.61 | J29: =ROUND(I29*19%,2) -> 4640.11 | K29: =ROUND(I29+J29,2) -> 29061.72
A30: 2 | D30: Resorte del pestillo del seguro del bloqueador | E30: UNIDAD | F30: 1 | I30: ='ANEXO 3 hist vs cotizaaciones'!S128 -> 7440.42 | J30: =ROUND(I30*19%,2) -> 1413.68 | K30: =ROUND(I30+J30,2) -> 8854.1
A31: 3 | D31: Resorte del des conector. | E31: UNIDAD | F31: 1 | I31: ='ANEXO 3 hist vs cotizaaciones'!S129 -> 6510.4 | J31: =ROUND(I31*19%,2) -> 1236.98 | K31: =ROUND(I31+J31,2) -> 7747.38
A32: 4 | D32: Resorte del disparador. | E32: UNIDAD | F32: 1 | I32: ='ANEXO 3 hist vs cotizaaciones'!S130 -> 13000 | J32: =ROUND(I32*19%,2) -> 2470 | K32: =ROUND(I32+J32,2) -> 15470
A33: 5 | D33: Resorte de la empuñadura. | E33: UNIDAD | F33: 1 | I33: ='ANEXO 3 hist vs cotizaaciones'!S131 -> 5530.37 | J33: =ROUND(I33*19%,2) -> 1050.77 | K33: =ROUND(I33+J33,2) -> 6581.14
A34: 6 | D34: Resorte del perno reten. | E34: UNIDAD | F34: 1 | I34: ='ANEXO 3 hist vs cotizaaciones'!S132 -> 5612.74 | J34: =ROUND(I34*19%,2) -> 1066.42 | K34: =ROUND(I34+J34,2) -> 6679.16
A35: 7 | D35: Resorte del seguro de la tapa. | E35: UNIDAD | F35: 1 | I35: ='ANEXO 3 hist vs cotizaaciones'!S133 -> 6156.44 | J35: =ROUND(I35*19%,2) -> 1169.72 | K35: =ROUND(I35+J35,2) -> 7326.16
A36: 8 | D36: Resorte del pestillo poste de mira | E36: UNIDAD | F36: 1 | I36: ='ANEXO 3 hist vs cotizaaciones'!S134 -> 4904.3 | J36: =ROUND(I36*19%,2) -> 931.82 | K36: =ROUND(I36+J36,2) -> 5836.12
A37: 9 | D37: Resorte de guardapolvo. | E37: UNIDAD | F37: 1 | I37: ='ANEXO 3 hist vs cotizaaciones'!S135 -> 11450 | J37: =ROUND(I37*19%,2) -> 2175.5 | K37: =ROUND(I37+J37,2) -> 13625.5
A38: 10 | D38: Resorte perilla lateral. | E38: UNIDAD | F38: 1 | I38: ='ANEXO 3 hist vs cotizaaciones'!S136 -> 4904.3 | J38: =ROUND(I38*19%,2) -> 931.82 | K38: =ROUND(I38+J38,2) -> 5836.12
A39: 11 | D39: Muelle plano. | E39: UNIDAD | F39: 1 | I39: ='ANEXO 3 hist vs cotizaaciones'!S137 -> 19327.57 | J39: =ROUND(I39*19%,2) -> 3672.24 | K39: =ROUND(I39+J39,2) -> 22999.81
A40: 12 | D40: Resorte alojamiento de la mira. | E40: UNIDAD | F40: 1 | I40: ='ANEXO 3 hist vs cotizaaciones'!S138 -> 6156.44 | J40: =ROUND(I40*19%,2) -> 1169.72 | K40: =ROUND(I40+J40,2) -> 7326.16
A41: 13 | D41: Resorte perilla de elevación. | E41: UNIDAD | F41: 1 | I41: ='ANEXO 3 hist vs cotizaaciones'!S139 -> 4904.3 | J41: =ROUND(I41*19%,2) -> 931.82 | K41: =ROUND(I41+J41,2) -> 5836.12
... A53: 25 | D53: Cambio de muelles (resortes). | E53: UNIDAD | F53: 1 | I53: ='ANEXO 3 hist vs cotizaaciones'!S151 -> 167840.1 | J53: =ROUND(I53*19%,2) -> 31889.62 | K53: =ROUND(I53+J53,2) -> 199729.72
C54: VALOR TOTAL CAMBIO DE REPUESTOS de acuerdo al tipo de Fusil | K54: =ROUND(SUM(K29:K53),2) -> 1574921.1
A56: TOTAL FUSILES CALIBRE 5.56 | K56: =ROUND(K14+K27+K54,2) -> 3011344.7

Sheet OFERTA ECONÓMICA - CONSOLIDADA
B1: OFERTA ECONOMICA CONSOLIDADA VALORES UNITARIOS 2026
B2: ARMAS DE FUEGO TIPO PISTOLAS, CALIBRE 9MM, SUBAMETRALLADORAS CALIBRE 9MM Y FUSILES CALIBRE 5.56
D3: “MANTENIMIENTO CORRECTIVO CON SUMINISTRO DE REPUESTOS PARA ARMAS DE FUEGO TIPO PISTOLAS CALIBRE 9MM, SUBAMETRALLADORAS CALIBRE 9MM Y FUSILES CALIBRE 5.56 DE DIFERENTES MARCAS Y MODELOS PARA LA FISCALÍA GENERAL DE LA NACIÓN”
J7: OFERTA ECONÓMICA CONSOLIDADA
B8: DESCRIPCIÓN | J8: VALOR UNITARIO INCLUIDO IVA Y TODOS LOS COSTOS
B9: MANTENIMIENTO CORRECTIVO CON SUMINISTRO DE REPUESTOS PARA ARMAS DE FUEGO TIPO PISTOLAS, CALIBRE 9 MM, DE DIFERENTES MARCAS Y MODELOS PARA LA FISCALIA GENERAL DE LA NACION. (SEGÚN ESPECIFICACIONES TÉCNICAS - FICHA TECNICA No. 1 (PISTOLAS CALIBRE 9MM ) (SUMATORIA DE TODOS LOS VALORES UNITARIOS) | J9: ='ANEXO 4- PISTOLAS DEF '!K52 -> 1639727.4
B10: MANTENIMIENTO CORRECTIVO CON SUMINISTRO DE REPUESTOS PARA ARMAS DE FUEGO TIPO SUB AMETRALLADORAS CALIBRE 9 MM, DE DIFERENTES MARCAS Y MODELOS PARA LA FISCALIA GENERAL DE LA NACION. (SEGÚN ESPECIFICACIONES TÉCNICAS - FICHA TECNICA No. 2 (SUBAMETRALLADORAS CALIBRE 9MM) (SUMATORIA DE TODOS LOS VALORES UNITARIOS) | J10: ='ANEXO 4 - SUBAMETRALLADORAS DEF'!L68 -> 3352227.7
B11: MANTENIMIENTO CORRECTIVO CON SUMINISTRO DE REPUESTOS PARA PARA ARMAS DE FUEGO TIPO FUSILES CALIBRE 5.56 DE DIFERENTES MARCAS Y MODELOS PARA LA FISCALIA GENERAL DE LA NACION. (SEGÚN ESPECIFICACIONES TÉCNICAS -FICHA TECNICA No. 3 (FUSILES CALIBRE 5.56) (SUMATORIA DE TODOS LOS VALORES UNITARIOS) | J11: ='ANEXO 4- FUSILES DEF'!K56 -> 3011344.7
B12: TOTAL DIAGNÓSTICO, MANTENIMIENTO CORRECTIVO Y REPUESTOS PISTOLA 9 MM, SUBAMETRALLADORA 9 MM Y FUSIL 5.56 MM (SUMATORIA DE LOS TRES CONCEPTOS ANTERIORES) (SUMATORIA DE TODOS LOS VALORES UNITARIOS) | J12: =ROUND(SUM(J9:K11),2) -> 8003299.8
